 Seeded DCSS version 0.24-a0-619-gb7544fd (webtiles) character file.

Game seed: 98932591966821238, levelgen mode: deterministic

13991694 DrEnzyme the Conqueror (level 27, 291/299 (300) HPs)
             Began as a Minotaur Fighter on Sept 16, 2019.
             Was the Champion of the Shining One.
             Escaped with the Orb
             ... and 15 runes on Sept 18, 2019!
             The game lasted 07:22:07 (114207 turns).

DrEnzyme the Conqueror (Minotaur Fighter)         Turns: 114207, Time: 07:22:08

HP:   291/299 (300) AC: 43    Str: 40    XL:     27
MP:   39/39         EV: 22    Int: 12    God:    the Shining One [******]
Gold: 12724         SH: 23    Dex: 12    Spells: 50/52 levels left

rFire    + + +     SeeInvis +   O - +9 double sword (holy)
rCold    + + +     Gourm    .   W - +3 shield {reflect}
rNeg     + + +     Faith    .   j - +7 gold dragon scales
rPois    +         Spirit   +   k - +2 hat {MR+}
rElec    +         Reflect  +   u - scarf {repulsion}
rCorr    .         Harm     .   m - +0 pair of gloves of the Zebra {rPois Str+5}
MR       +++++                  b - +2 pair of boots {run}
Stlth    ..........             a - amulet "Xiel" {Spirit MR++ Int+4 Slay+2 SInv}
HPRegen  0.59/turn              I - ring "Beagyrph" {rF+ rC+ Dex+2}
MPRegen  0.26/turn              S - ring of the Sneaky Wonders {+Fly rPois rC+ Str+8}

@: glowing, repel missiles, quick
A: retaliatory headbutt, claws 1, horns 2, clumsy 1, dopey 1, fire resistance 1,
robust 1, screaming 1, shaggy fur 1, electricity resistance, no potion heal 1,
sturdy frame 1
0: Orb of Zot
}: 15/15 runes: decaying, serpentine, slimy, silver, golden, iron, obsidian,
icy, bone, abyssal, demonic, glowing, magical, fiery, dark
a: Divine Shield, Cleansing Flame, Summon Divine Warrior, Renounce Religion,
Evoke Flight


You escaped.
You worshipped the Shining One.
The Shining One was exalted by your worship.
You were full.

You visited 18 branches of the dungeon, and saw 90 of its levels.
You visited Pandemonium 1 time, and saw 24 of its levels.
You visited the Abyss 8 times.
You visited 1 ziggurat, and saw 7 of its levels.
You also visited: Ossuary, Bailey, Ice Cave and Volcano.

You collected 17979 gold pieces.
You spent 5255 gold pieces at shops.

Inventory:

Hand Weapons
 O - a +9 double sword of holy wrath (weapon)
Missiles
 G - 13 silver javelins (quivered)
 H - 7 boomerangs of dispersal
 R - 9 throwing nets
Armour
 b - a +2 pair of boots of running (worn)
 j - +7 gold dragon scales (worn)
 k - a +2 hat of magic resistance (worn)
 m - the +0 pair of gloves of the Zebra (worn) {rPois Str+5}
   (You found it on level 4 of the Vaults)

   It affects your strength (+5).
   It protects you from poison.
 u - a scarf of repulsion (worn)
 W - a +3 shield of reflection (worn)
Jewellery
 a - the amulet "Xiel" (around neck) {Spirit MR++ Int+4 Slay+2 SInv}
   (You bought it in a shop on level 2 of the Orcish Mines)

   [amulet of guardian spirit]

   It causes incoming damage to be split between your health and magic.
   It affects your intelligence (+4).
   It affects your accuracy and damage with ranged weapons and melee attacks
   (+2).
   It affects your resistance to hostile enchantments.
   It lets you see invisible.
 n - an uncursed amulet of the acrobat
 w - the ring of Zeumesom {+Inv rElec rPois rF+ MR+}
   (You found it on level 7 of Cocytus)

   [ring of poison resistance]

   It protects you from fire.
   It insulates you from electricity.
   It protects you from poison.
   It affects your resistance to hostile enchantments.
   It lets you turn invisible.
 C - the amulet of the Air {Inacc +Fly rElec EV+5 RMsl}
   (You found it on level 3 of the Vaults)

   [amulet of inaccuracy]

   It reduces the accuracy of all your attacks.
   It affects your evasion (+5).
   It insulates you from electricity.
   It lets you fly.
   It protects you from missiles.
 F - the ring "Olock" {Dex+5 Slay+5}
   (You found it on level 7 of Cocytus)

   [ring of dexterity]

   It affects your dexterity (+5).
   It affects your accuracy and damage with ranged weapons and melee attacks
   (+5).
 I - the ring "Beagyrph" (left hand) {rF+ rC+ Dex+2}
   (You bought it in a shop on level 8 of the Dungeon)

   [ring of protection from fire]

   It affects your dexterity (+2).
   It protects you from fire.
   It protects you from cold.
 K - an uncursed ring of resist corrosion
 S - the ring of the Sneaky Wonders (right hand) {+Fly rPois rC+ Str+8}
   (You bought it in a shop on level 2 of the Orcish Mines)

   [ring of flight]

   It affects your strength (+8).
   It protects you from cold.
   It protects you from poison.
   It lets you fly.
Wands
 t - a wand of iceblast (93)
 A - a wand of acid (49)
 E - a wand of digging (14)
 U - a wand of scattershot (16)
Scrolls
 d - 6 scrolls of fear
 i - 29 scrolls of identify
 q - 6 scrolls of blinking
 s - 44 scrolls of remove curse
 x - 3 scrolls of fog
 y - 3 scrolls of magic mapping
 z - 4 scrolls of silence
 B - 9 scrolls of teleportation
 M - 18 scrolls of enchant weapon
 N - 3 scrolls of summoning
Potions
 c - a potion of cancellation
 e - 3 potions of resistance
 g - 2 potions of agility
 l - 34 potions of curing
 o - a potion of might
 p - 2 potions of ambrosia
 v - 7 potions of mutation
 D - 9 potions of heal wounds
Miscellaneous
 h - a figurine of a ziggurat
 r - 13 phantom mirrors
 L - 4 boxes of beasts
 T - a phial of floods
 X - a lamp of fire
 Z - a lightning rod (4/4)
Comestibles
 f - 83 rations


   Skills:
 O Level 27 Fighting
   Level 12.4(19.9) Short Blades
 - Level 26.2(27) Long Blades
 + Level 25.5 Throwing
 O Level 27 Armour
 * Level 24.6 Dodging
 O Level 27 Shields
 * Level 13.4 Spellcasting
 O Level 27 Invocations
 * Level 17.8 Evocations


You had 50 spell levels left.
You knew the following spells:

 Your Spells              Type           Power        Failure   Level  Hunger
a - Apportation           Tloc           #.....       24%         1    None
b - Summon Butterflies    Summ           #.......     24%         1    None

Your spell library contained the following spells:

 Spells                   Type           Power        Failure   Level  Hunger
 Animate Skeleton         Necr           N/A          24%         1    None
 Beastly Appendage        Tmut           #.....       24%         1    None
 Confusing Touch          Hex            #.....       24%         1    None
 Corona                   Hex            #......      24%         1    None
 Flame Tongue             Conj/Fire      #....        24%         1    None
 Freeze                   Ice            #...         24%         1    None
 Magic Dart               Conj           #...         24%         1    None
 Pain                     Necr           #...         24%         1    None
 Sandblast                Erth           #.....       24%         1    None
 Shock                    Conj/Air       #...         24%         1    None
 Sting                    Conj/Pois      #...         24%         1    None
 Summon Small Mammal      Summ           #...         24%         1    None
 Blink                    Tloc           N/A          36%         2    None
 Call Imp                 Summ           #.......     36%         2    None
 Corpse Rot               Necr           N/A          36%         2    None
 Ensorcelled Hibernation  Hex/Ice        #.....       36%         2    None
 Passwall                 Tmut/Erth      #.......     36%         2    None
 Poisonous Vapours        Pois/Air       #.....       36%         2    None
 Searing Ray              Conj           #.....       36%         2    None
 Shroud of Golubria       Chrm/Tloc      #.....       36%         2    None
 Slow                     Hex            #.......     36%         2    None
 Sticks to Snakes         Tmut           #.......     36%         2    None
 Sublimation of Blood     Necr           #.........   36%         2    None
 Swiftness                Chrm/Air       #.......     36%         2    None
 Throw Flame              Conj/Fire      #.....       36%         2    None
 Throw Frost              Conj/Ice       #.....       36%         2    None
 Call Canine Familiar     Summ           #.......     58%         3    None
 Confuse                  Hex            #.......     58%         3    None
 Conjure Flame            Conj/Fire      #.......     58%         3    None
 Dazzling Spray           Conj/Hex       #.....       58%         3    None
 Gell's Gravitas          Tloc           #.........   58%         3    None
 Ignite Poison            Fire/Tmut/Pois #.......     58%         3    None
 Inner Flame              Hex/Fire       #.......     58%         3    None
 Lesser Beckoning         Tloc           #.........   58%         3    None
 Mephitic Cloud           Conj/Pois/Air  #.......     58%         3    None
 Ozocubu's Armour         Chrm/Ice       #.......     58%         3    None
 Portal Projectile        Hex/Tloc       #.....       58%         3    None
 Regeneration             Chrm/Necr      #.........   58%         3    None
 Spectral Weapon          Hex/Chrm       #.......     58%         3    None
 Spider Form              Tmut/Pois      #.........   58%         3    None
 Static Discharge         Conj/Air       #.......     58%         3    None
 Stone Arrow              Conj/Erth      #.....       58%         3    None
 Summon Guardian Golem    Hex/Summ       #.......     58%         3    None
 Teleport Other           Tloc           #.......     58%         3    None
 Tukima's Dance           Hex            #.......     58%         3    None
 Vampiric Draining        Necr           #.........   58%         3    None
 Airstrike                Air            #.........   94%         4    ###....
 Animate Dead             Necr           N/A          94%         4    ###....
 Cause Fear               Hex            #.........   94%         4    ###....
 Force Lance              Conj/Tloc      #.......     94%         4    ###....
 Fulminant Prism          Conj/Hex       #.........   94%         4    ###....
 Ice Form                 Ice/Tmut       #.......     94%         4    ###....
 Iskenderun's Mystic Bla  Conj           #.......     94%         4    ###....
 Leda's Liquefaction      Hex/Erth       #.........   94%         4    ###....
 Olgreb's Toxic Radiance  Pois           #.......     94%         4    ###....
 Petrify                  Tmut/Erth      #.......     94%         4    ###....
 Sticky Flame             Conj/Fire      #.......     94%         4    ###....
 Summon Ice Beast         Ice/Summ       #.......     94%         4    ###....
 Summon Lightning Spire   Summ/Air       #.......     94%         4    ###....
 Throw Icicle             Conj/Ice       #.......     94%         4    ###....
 Agony                    Necr           #.......     100%        5    #####..
 Alistair's Intoxication  Tmut/Pois      #.......     100%        5    #####..
 Blade Hands              Tmut           #.........   100%        5    #####..
 Bolt of Magma            Conj/Fire/Erth #.........   100%        5    #####..
 Borgnjor's Vile Clutch   Necr/Erth      #.........   100%        5    #####..
 Fireball                 Conj/Fire      #.........   100%        5    #####..
 Irradiate                Conj/Tmut      #.........   100%        5    #####..
 Iskenderun's Battlesphe  Conj/Chrm      #.......     100%        5    #####..
 Lee's Rapid Deconstruct  Erth           #.........   100%        5    #####..
 Lightning Bolt           Conj/Air       #.........   100%        5    #####..
 Silence                  Hex/Air        #.........   100%        5    #####..
 Summon Forest            Summ/Tloc      #.........   100%        5    #####..
 Summon Mana Viper        Hex/Summ       #.......     100%        5    #####..
 Venom Bolt               Conj/Pois      #.........   100%        5    #####..
 Yara's Violent Unravell  Hex/Tmut       #.........   100%        5    #####..
 Bolt of Fire             Conj/Fire      #.........   100%        6    ######.
 Conjure Ball Lightning   Conj/Air       #.........   100%        6    ######.
 Darkness                 Hex            #.........   100%        6    ######.
 Deflect Missiles         Chrm/Air       #.........   100%        6    ######.
 Dispersal                Tloc           #.........   100%        6    ######.
 Freezing Cloud           Conj/Ice/Air   #.........   100%        6    ######.
 Hydra Form               Tmut           #.........   100%        6    ######.
 Invisibility             Hex            #.......     100%        6    ######.
 Iron Shot                Conj/Erth      #.........   100%        6    ######.
 Poison Arrow             Conj/Pois      #.........   100%        6    ######.
 Shadow Creatures         Summ           N/A          100%        6    ######.
 Statue Form              Tmut/Erth      #........    100%        6    ######.
 Dragon Form              Tmut           #.........   100%        7    #######
 Haunt                    Necr/Summ      #.........   100%        7    #######
 Malign Gateway           Summ/Tloc      #.........   100%        7    #######
 Monstrous Menagerie      Summ           #.........   100%        7    #######
 Ring of Flames           Chrm/Fire      #.........   100%        7    #######
 Spellforged Servitor     Conj/Summ      #.........   100%        7    #######
 Summon Greater Demon     Summ           #.........   100%        7    #######
 Summon Hydra             Summ           #.........   100%        7    #######
 Borgnjor's Revivificati  Necr           #.........   100%        8    #######
 Chain Lightning          Conj/Air       #.........   100%        8    #######
 Controlled Blink         Tloc           N/A          100%        8    #######
 Death's Door             Chrm/Necr      #.........   100%        8    #######
 Discord                  Hex            #.........   100%        8    #######
 Disjunction              Tloc           #.........   100%        8    #######
 Ignition                 Fire           #.........   100%        8    #######
 Infestation              Necr           #.........   100%        8    #######
 Lehudib's Crystal Spear  Conj/Erth      #.........   100%        8    #######
 Necromutation            Tmut/Necr      #.........   100%        8    #######
 Summon Horrible Things   Summ           #.........   100%        8    #######
 Fire Storm               Conj/Fire      #.........   100%        9    #######
 Glaciate                 Conj/Ice       #.........   100%        9    #######
 Shatter                  Erth           #.........   100%        9    #######
 Tornado                  Air            #.........   100%        9    #######
 Passage of Golubria      Tloc           Unusable     N/A         4    N/A

Dungeon Overview and Level Annotations

Branches:
Dungeon (15/15)            Temple (1/1) D:4            Lair (6/6) D:11
  Swamp (4/4) Lair:4        Snake (4/4) Lair:4        Slime (5/5) Lair:6
    Orc (2/2) D:11            Elf (3/3) Orc:2        Vaults (5/5) D:13
  Crypt (3/3) Vaults:3       Tomb (3/3) Crypt:3      Depths (5/5) D:15
   Hell (visited)             Dis (7/7) Hell            Geh (7/7) Hell
    Coc (7/7) Hell            Tar (7/7) Hell            Zot (5/5) Depths:5
Ossuary (visited)          Bailey (visited)           IceCv (visited)
Volcano (visited)

Altars:
Ashenzari
Cheibriados
Dithmenos
Fedhas
Gozag
Hepliaklqana
Nemelex Xobeh
Okawaru
Qazlal
Ru
Trog
Uskayaw
Vehumet
Wu Jian
Xom
Yredelemnul
Zin
The Shining One
Beogh

Shops:
D:4 *   D:8 *=*}   D:9 !   D:13 *   D:14 }   D:15 [   Orc:2 =*[(   Snake:1 (
Vaults:3 %   Depths:2 ?   Depths:3 ?:

Portals:
Hell: Depths:1 Depths:2 Depths:3 Depths:4 Depths:5
Abyss: Depths:2 Depths:4
Pandemonium: Depths:3
Trove: D:12 (give 4 potions of resistance)

Annotations:
D:4 exclusion: downstairs
D:9 exclusion: downstairs
D:10 exclusion: 2 upstairs
D:12 exclusion: upstairs
D:14 exclusion: upstairs
D:15 exclusion: upstairs
Swamp:2 exclusion: 2 downstairs
Snake:3 3 runed translucent doors, exclusion: 3 doors, Siddir's ghost, journeyman MiBe
Slime:3 exclusion: upstairs
Slime:5 exclusion: upstairs
Elf:1 exclusion: downstairs
Depths:3 exclusion: 2 upstairs
Depths:4 exclusion: upstairs
Zot:1 3 runed translucent doors, exclusion: 3 doors, Toelubet's ghost, veteran CeHu
Zot:4 exclusion: 3 upstairs
Zot:5 exclusion: 2 upstairs


Innate Abilities, Weirdness & Mutations

You reflexively headbutt those who attack you in melee.
You have a pair of horns on your head.
You have sharp fingernails.
You are clumsy. (Dex -2)
You are dopey. (Int -2)
Your flesh is heat resistant. (rF+)
You are robust. (+10% HP)
You occasionally shout uncontrollably at your foes.
You are covered in fur. (AC +1)
You are resistant to electric shocks. (rElec)
Potions are less effective at restoring your health.
Your movements are slightly less encumbered by armour. (ER -2)


Message History

The cacodemon hits you but does no damage.
You slash the cacodemon!
The cacodemon convulses!
The cacodemon is moderately wounded.
You block the orange demon's attack. The cacodemon gestures at you.
The bolt of energy misses you.
You slice the cacodemon like a ripe choko!!!
The cacodemon convulses!!!
You kill the cacodemon!
The Shining One accepts your kill. The orange demon completely misses you.
You see here a +0 dagger.
Evoke which item? (* to show all) (? for menu, Esc to quit)
Aiming: Dig
Press: ? - help, Shift-Dir - straight line A rock wall.
This square is lit by a halo and is covered in magical glow.
The rock shatters into small pieces.
There is a staircase leading out of the dungeon here.
You have escaped!

.###.##.....#..........####
##. .....########.........##
##.. .##### #.......#### #...
.# ########.....##.# ###...
.#
#......#..####.#########....#
.#
#......#...##.###....#...####
.# #......#.......#..##...###
.# #......#...........######
.#
#....).##...@.###.......###
##
#......##4.....####.......##
# #........####...#
###......# #
###.####.######### ##.....# #
#.# #.........# ###.### # #.#
#########.# #.# # #4# #.# #.#
# #.# #.#######.## # #.#
#..........#


You could see an orange demon.

Vanquished Creatures
  Antaeus (Coc:7)
  Asmodeus (Geh:7)
  the Royal Jelly (Slime:5)
  Dissolution (Slime:5)
  Ereshkigal (Tar:7)
  Gloorx Vloq (Pan)
  Mnoleg (Pan)
  5 pandemonium lords (Pan)
  Mara (Swamp:3)
  Mennas (Vaults:2)
  7 ancient liches
  5 orbs of fire
  A juggernaut (Zot:1)
  The ghost of Muataran the Slayer, a veteran MiMo of Yredelemnul (Zot:2)
  Sojobo (Vaults:2)
  The ghost of Heot Zafel the Impregnable, a veteran MiGl of Hepliaklqana (Crypt:2)
  11 greater mummies
  12 shard shrikes
  Bai Suzhen (Elf:3)
  Saint Roka (Crypt:1)
  Geryon (Hell)
  The ghost of rrossfarrar the Hoplite, a veteran BaFi of Cheibriados (Crypt:2)
  The ghost of Hali the Executioner, a veteran FoFi of Dithmenos (Crypt:2)
  3 caustic shrikes
  6 Killer Klowns
  A curse toe (Zot:1)
  Margery (Vaults:2)
  the Enchantress (Depths:2)
  11 golden dragons
  12 bone dragons
  Nikola (Swamp:1)
  A profane servitor (Abyss:2)
  A hellephant (Abyss:1)
  6 electric golems
  18 Tzitzimimeh
  6 doom hounds
  17 Brimstone Fiends
  6 iron giants
  11 liches
  15 Hell Sentinels
  25 tentacled monstrosities
  26 Orb Guardians
  19 Ice Fiends
  3 deep elf master archers
  30 titans
  15 quicksilver dragons
  14 sphinxes
  7 deep elf blademasters
  19 acid blobs
  18 Executioners (Pan)
  17 ancient champions
  Frances (Swamp:2)
  13 tentacled starspawn
  13 death cobs
  2 eldritch tentacles
  7 draconian monks
  2 thorn hunters
  Gastronok (Lair:2)
  24 shadow dragons
  8 tengu reavers
  Roxanne (Swamp:3)
  11 azure jellies
  7 nagarajas
  2 azure jellies (shapeshifter)
  27 storm dragons
  24 fire giants
  7 draconian knights
  2 daevas
  A ghost moth (shapeshifter) (Vaults:5)
  18 frost giants
  9 revenants
  10 deep elf sorcerers
  5 blood saints (Pan)
  15 iron dragons
  4 orc warlords
  Aizul (Snake:3)
  29 balrugs
  8 ghost moths
  5 warmongers (Pan)
  7 draconian scorchers
  17 vault wardens
  11 ghouls
  11 draconian shifters
  21 cacodemons
  4 black suns (Pan)
  3 curse skulls
  6 draconian stormcallers
  3 spriggan defenders (Depths:2)
  12 draconian annihilators
  3 elemental wellsprings (Coc:7)
  2 angels
  31 very ugly things
  7 deep elf elementalists
  63 reapers
  25 stone giants
  4 vampire knights
  25 ironheart preservers
  An entropy weaver (shapeshifter) (Vaults:4)
  16 war gargoyles
  2 bennus (Tomb:2)
  14 starcursed masses
  2 entropy weavers
  15 red draconians
  16 green draconians
  Azrael (Elf:2)
  19 purple draconians
  13 yellow draconians
  16 black draconians
  5 spark wasps
  7 deep elf annihilators
  7 deep elf demonologists
  2 dire elephants (Abyss:3)
  13 lorocyprocas
  4 corrupters (Pan)
  17 white draconians
  A spectral titan (Crypt:3)
  Snorg (D:10)
  8 death oozes
  12 eidola
  16 green deaths
  9 deep elf death magi
  11 ettins
  15 fire dragons
  20 mummy priests
  3 deep elf high priests
  14 jiangshi
  26 blizzard demons
  2 merfolk impalers
  5 quicksilver dragon zombies
  18 yaktaur captains
  2 spectral quicksilver dragons (Crypt:3)
  22 ice dragons
  A caustic shrike simulacrum (Depths:1)
  24 hydras
  Harold (D:11)
  17 great orbs of eyes
  16 rakshasas
  3 quicksilver dragon skeletons
  6 monstrous demonspawn (Pan)
  7 hell beasts
  14 anacondas
  5 spriggan air magi
  11 alligators
  17 naga warriors
  10 centaur warriors
  3 shambling mangroves
  52 two-headed ogres
  36 dancing weapons
  3 death knights
  42 vault guards
  Erica (D:10)
  78 death scarabs
  A death yak (Lair:6)
  7 deep troll earth magi
  15 ogre magi
  7 deep troll shamans
  A spectral frost giant (Crypt:3)
  2 shock serpents (Snake:1)
  6 vampire magi
  30 hell hogs
  4 titan zombies
  11 thrashing horrors
  5 tengu warriors
  Urug (Orc:2)
  4 spriggan berserkers
  2 spectral storm dragons (Crypt:3)
  4 orc high priests
  54 soul eaters
  11 naga sharpshooters
  25 deep elf knights
  4 iron golems
  15 wretched stars
  35 sun demons
  2 iron trolls (Depths:1)
  12 anaconda zombies
  21 sixfirhies
  10 storm dragon zombies
  29 hell knights
  A spectral emperor scorpion (Crypt:3)
  32 shadow wraiths
  3 titan skeletons
  3 spatial maelstroms
  5 golden dragon zombies
  2 unseen horrors (shapeshifter)
  10 glowing orange brains
  21 deep trolls
  A quicksilver dragon simulacrum (Crypt:2)
  A salamander mystic (Snake:3)
  108 skeletal warriors
  4 storm dragon skeletons
  10 unseen horrors
  A death drake (shapeshifter) (Vaults:5)
  19 deep elf archers
  8 naga ritualists
  10 sea snakes
  2 infernal demonspawn
  A lindwurm (shapeshifter) (Vaults:1)
  15 flayed ghosts
  8 torturous demonspawn
  2 ghost moth zombies
  11 wizards
  A shadow dragon zombie (Geh:1)
  15 ironbrand convokers
  An obsidian statue (Depths:1)
  2 spectral hydras (Crypt:3)
  5 harpies
  13 mana vipers
  23 phantasmal warriors
  2 spectral wolf spiders (Crypt:3)
  A sphinx zombie (Vaults:1)
  4 golden dragon skeletons
  19 necromancers
  11 swamp dragons
  18 shadow demons
  A kraken simulacrum (Hell)
  A swamp dragon (shapeshifter) (Depths:2)
  A harpy (shapeshifter) (Depths:2)
  3 anaconda skeletons
  An orb spider (Abyss:5)
  3 iron dragon zombies
  4 wolf spider zombies
  A wolf spider (shapeshifter) (Vaults:4)
  21 orc knights
  10 stone giant zombies
  A spectral ettin (Crypt:3)
  63 deep elf magi
  A shining eye (shapeshifter) (Vaults:1)
  61 ugly things
  7 frost giant zombies
  A manticore (shapeshifter) (Vaults:3)
  3 shadow dragon skeletons
  13 orc sorcerers
  5 wolf spiders
  8 cyclopes
  3 fire giant zombies
  7 shining eyes
  7 salamanders
  6 manticores
  7 frost giant skeletons
  18 moths of wrath
  5 toenail golems (Volcano)
  5 worldbinders
  A sphinx skeleton (Crypt:1)
  9 fire giant skeletons
  4 dire elephant zombies
  3 spectral ice dragons (Crypt:3)
  63 rust devils
  An iron dragon skeleton (Tar:7)
  3 shock serpent zombies
  4 elephants (Lair:6)
  Maurice (D:12)
  18 vault sentinels
  5 stone giant skeletons
  Psyche (D:9)
  9 molten gargoyles
  13 naga magi
  3 water nymphs
  An eye of devastation (shapeshifter) (Depths:1)
  31 black mambas
  5 guardian serpents
  5 ice statues
  2 eyes of devastation
  4 apocalypse crabs
  A spiny frog (shapeshifter) (Elf:1)
  17 spiny frogs
  36 smoke demons
  A storm dragon simulacrum (Crypt:2)
  A gargoyle (D:12)
  3 torpor snails
  22 orange demons
  22 hellions
  A komodo dragon (shapeshifter) (Depths:4)
  A yaktaur zombie (Vaults:5)
  3 komodo dragons
  4 dire elephant skeletons
  7 centaur skeletons
  A kobold demonologist (Bailey)
  44 yaktaurs
  A catoblepas zombie (Crypt:3)
  A rime drake (Lair:4)
  A yaktaur (shapeshifter) (Depths:2)
  51 freezing wraiths
  An alligator snapping turtle skeleton (Crypt:1)
  A red draconian zombie (Crypt:1)
  35 ice devils
  A yellow draconian skeleton (Crypt:2)
  A silent spectre (Tar:7)
  5 demonic crawlers
  A red draconian skeleton (Crypt:1)
  18 hellwings
  35 tormentors
  12 efreet
  An emperor scorpion zombie (Crypt:3)
  32 guardian mummies
  12 ancient zymes
  A yaktaur skeleton (Depths:1)
  A ghost moth simulacrum (Crypt:2)
  A grey draconian skeleton (Crypt:1)
  A jumping spider (Vaults:4)
  8 trolls
  3 tengu conjurers
  A queen bee (shapeshifter) (Depths:2)
  A spectral harpy (Crypt:3)
  3 meliai (D:15)
  9 hydra zombies
  34 red devils
  9 merfolk
  4 polar bears
  A wind drake (shapeshifter) (Abyss:2)
  A harpy zombie (Crypt:2)
  A polar bear (shapeshifter) (D:15)
  10 tyrant leeches
  3 harpy skeletons
  2 shadow dragon simulacra
  3 wolf spider simulacra
  39 raiju
  9 ettin zombies
  18 hornets
  13 hippogriffs
  A hippogriff (shapeshifter) (Depths:2)
  A spectral swamp dragon (Crypt:3)
  23 blink frogs
  A death drake skeleton (Crypt:2)
  113 slime creatures
  25 bog bodies
  9 alligator zombies
  A snapping turtle (Zig:6)
  11 hydra skeletons
  2 frost giant simulacra (Crypt:2)
  A meliai zombie (D:13)
  3 dream sheep (Lair:6)
  3 fire dragon zombies
  A human simulacrum (Vaults:1)
  6 ice dragon zombies
  A spectral black mamba (Crypt:3)
  A fire giant simulacrum (Crypt:2)
  22 ynoxinuls
  Sigmund (D:3)
  71 large abominations
  106 flying skulls
  30 shadows
  A black mamba zombie (Tar:7)
  A redback (shapeshifter) (Vaults:5)
  14 water elementals
  3 air elementals
  3 redbacks (Vaults:4)
  17 spriggans
  A tarantella (Vaults:3)
  4 ettin skeletons
  4 fire dragon skeletons
  4 ice dragon skeletons
  60 yaks
  A tarantella (shapeshifter) (Depths:2)
  34 wraiths
  2 black mamba skeletons
  A human (D:8)
  A spectral elf (Crypt:3)
  A vampire (D:11)
  5 basilisks
  5 fire bats
  24 fire elementals
  4 wyverns
  2 dire elephant simulacra
  Grum (D:8)
  5 ushabtiu (Tomb:1)
  18 golden eyes
  23 neqoxecs
  20 vampire mosquitoes
  28 chaos spawn
  A steam dragon (Lair:4)
  6 hungry ghosts
  A soldier ant (D:12)
  Menkaure (D:5)
  An emperor scorpion simulacrum (Crypt:2)
  14 swamp worms
  A warg (shapeshifter) (Depths:3)
  8 wargs
  An ogre zombie (Vaults:1)
  66 nagas
  A spectral spiny frog (Crypt:3)
  A two-headed ogre zombie (Crypt:2)
  Edmund (D:4)
  3 acid dragons
  3 spatial vortices
  An infernal demonspawn zombie (Crypt:1)
  2 spectral snapping turtles (Crypt:3)
  11 water moccasins
  5 hydra simulacra
  A soldier ant (shapeshifter) (Depths:3)
  11 swamp drakes
  55 hell hounds
  A merfolk skeleton (Pan)
  9 spiny frog zombies
  A monstrous demonspawn skeleton (Crypt:3)
  68 orc warriors
  2 floating eyes (Pan)
  8 porcupines
  An ice dragon simulacrum (Crypt:2)
  2 swamp dragon zombies
  12 ice beasts
  10 sky beasts
  A sky beast (shapeshifter) (Depths:1)
  10 black bears
  4 spiny frog skeletons
  A manticore zombie (Crypt:3)
  4 eyes of draining
  A phantom (D:13)
  7 snapping turtle zombies
  A black mamba simulacrum (Crypt:3)
  An alligator simulacrum (Crypt:2)
  4 ettin simulacra (Crypt:2)
  20 necrophages
  A hog zombie (Crypt:3)
  8 boggarts
  44 ogres
  17 crocodiles
  25 wolves
  16 centaurs
  7 human skeletons
  2 manticore skeletons (Geh:5)
  2 swamp dragon skeletons
  7 snapping turtle skeletons
  Blork the orc (D:4)
  2 elf zombies
  5 big kobolds
  17 bullfrogs
  3 gnoll sergeants (D:5)
  3 spiny frog simulacra
  A cyclops zombie (Crypt:3)
  A deep troll simulacrum (Vaults:1)
  4 earth elementals (Elf:1)
  35 small abominations
  A wyvern skeleton (Crypt:1)
  A scorpion (D:4)
  A water moccasin skeleton (D:7)
  4 killer bees (D:9)
  2 manticore simulacra
  A swamp dragon simulacrum (Crypt:2)
  2 spriggan skeletons
  60 wights
  6 electric eels
  5 howler monkeys
  2 troll skeletons
  26 crimson imps
  7 quasits
  4 centaur zombies
  2 bullfrog zombies
  34 iron imps
  11 jellies
  2 bullfrog skeletons
  18 orc priests
  8 hounds
  29 orc wizards
  Jessica (D:3)
  5 human zombies
  3 iguanas
  Ijyb (D:5)
  Natasha (thrice) (D:3)
  11 worker ants
  A tengu zombie (Dis:6)
  A crocodile skeleton (Crypt:1)
  A tengu skeleton (Coc:7)
  3 hound skeletons
  41 mummies
  12 gnolls
  2 worker ant zombies
  13 adders
  15 shadow imps
  16 white imps
  9 ufetubi
  4 oozes
  2 adder zombies (Ossuary)
  3 adder skeletons
  A worm (D:4)
  A ball lightning (Pan)
  2 dart slugs
  5 leopard geckos
  100 orcs
  7 bats
  A bat zombie (Crypt:3)
  6 giant cockroaches
  17 goblins
  20 hobgoblins
  11 jackals
  5 quokkas
  2 ball pythons
  4 frilled lizards
  A goblin zombie (Ossuary)
  11 hobgoblin zombies (Ossuary)
  30 kobolds
  12 kobold zombies (Ossuary)
  A leopard gecko skeleton (D:4)
  An orc skeleton (Geh:7)
  8 orc zombies
  A quokka skeleton (Crypt:3)
  2 quokka zombies (D:5)
  10 rats
  A rat skeleton (Crypt:3)
  A rat zombie (Ossuary)
  A river rat zombie (Crypt:1)
  A block of ice (Pan)
  2 fungi (Lair:5)
  4 lurking horrors
  A plant (D:11)
  8 starspawn tentacles
  A tentacle (Hell)
  2 withered plants (Crypt:3)
5233 creatures vanquished.

Vanquished Creatures (collateral kills)
  Cerebov (Pan)
  Lom Lobon (Pan)
  Dispater (Dis:7)
  An orb of fire (Zot:5)
  2 greater mummies (Tomb:3)
  The ghost of Xenat the Impregnable, a veteran MiGl of Hepliaklqana (Crypt:2)
  A Killer Klown (Zot:5)
  the Lernaean hydra (Swamp:4)
  A Brimstone Fiend (Pan)
  An Orb Guardian (Zot:5)
  A tentacled monstrosity (Pan)
  An Ice Fiend (Coc:7)
  2 tengu reavers (Vaults:2)
  2 balrugs (Pan)
  4 cacodemons (Pan)
  An elemental wellspring (Coc:7)
  A war gargoyle (Hell)
  A reaper (Hell)
  A green draconian (Zot:5)
  A vampire knight (Crypt:2)
  2 bennus (Tomb:3)
  A lorocyproca (Pan)
  A white draconian (Zot:5)
  A yellow draconian (Zot:5)
  4 mummy priests (Tomb:3)
  3 ice dragons (Coc:7)
  A hydra (Swamp:4)
  A vault guard (Vaults:2)
  A monstrous demonspawn (Pan)
  43 death scarabs (Tomb:3)
  2 hell hogs (Hell)
  A soul eater (Hell)
  A large abomination (Pan)
  A skeletal warrior (Dis:1)
  4 shadow wraiths
  A kraken simulacrum (Hell)
  A wizard (Depths:1)
  An anaconda zombie (Hell)
  An ironbrand convoker (Vaults:2)
  A stone giant zombie (Dis:1)
  A rust devil (Dis:1)
  A molten gargoyle (Hell)
  A storm dragon simulacrum (Crypt:2)
  6 freezing wraiths
  A tormentor (Dis:7)
  An ice devil (Coc:7)
  9 guardian mummies (Tomb:3)
  3 red devils
  2 hydra zombies (Hell)
  A harpy zombie (Geh:7)
  An ettin zombie (Tomb:3)
  2 fire elementals (Hell)
  A ynoxinul (Pan)
  An alligator skeleton (Hell)
  An ushabti (Tomb:3)
  2 neqoxecs (Pan)
  A chaos spawn (Pan)
  5 hell hounds
  A snapping turtle zombie (Tomb:3)
  2 spiny frog skeletons (Hell)
  A necrophage (Dis:1)
  2 eyes of draining (Pan)
  A spiny frog simulacrum (Crypt:2)
  A water moccasin skeleton (Crypt:2)
  A crimson imp (Hell)
  A sky beast zombie (Crypt:2)
  A naga zombie (Crypt:2)
  4 mummies
  An orc (Vaults:2)
  A fire vortex (Geh:7)
155 creatures vanquished.

Vanquished Creatures (others)
  A pandemonium lord (Pan)
  An electric golem (Zot:5)
  A deep elf master archer (Depths:1)
  An eldritch tentacle (Geh:7)
  A frost giant (Abyss:1)
  2 elemental wellsprings
  A deep elf annihilator (Pan)
  3 yaktaur captains
  A centaur warrior (Depths:1)
  A hell hog (Dis:7)
  2 wizards (Pan)
  A deep elf mage (Elf:1)
  A fire giant skeleton (Geh:7)
  A vault sentinel (Vaults:5)
  13 yaktaurs
  A hydra skeleton (Geh:7)
  2 flying skulls (Geh:7)
  A ynoxinul (Pan)
  3 chaos spawn (Pan)
  A fire elemental (Geh:7)
  A warg (Vaults:5)
  A hell hound (Hell)
  A boggart (Depths:1)
  3 centaurs (Depths:4)
  A jelly (D:11)
  An orc priest (Orc:2)
  A white imp (Abyss:3)
  7 ball lightnings (Pan)
  2 orcs
  A goblin (Bailey)
  11 fungi
  28 plants
  27 starspawn tentacles
  11 tentacles (Hell)
135 creatures vanquished.

Grand Total: 5523 creatures vanquished

Notes
Turn   | Place    | Note
-------+----------+-------------------------------------------
     0 | D:1      | DrEnzyme the Minotaur Fighter began the quest for the Orb.
     0 | D:1      | Reached XP level 1. HP: 19/19 MP: 0/0
   349 | D:1      | Reached XP level 2. HP: 26/27 MP: 1/1
  1051 | D:2      | Reached XP level 3. HP: 33/33 MP: 2/2
  1231 | D:2      | Found a basalt altar of Yredelemnul.
  1267 | D:2      | Reached skill level 1 in Throwing
  1554 | D:2      | Reached XP level 4. HP: 40/40 MP: 3/3
  1795 | D:3      | Reached skill level 1 in Short Blades
  1908 | D:3      | Found a snail-covered altar of Cheibriados.
  1948 | D:3      | Noticed Sigmund
  1958 | D:3      | Killed Sigmund
  1958 | D:3      | Reached skill level 5 in Armour
  1958 | D:3      | Reached skill level 5 in Shields
  1958 | D:3      | Reached XP level 5. HP: 38/46 MP: 4/4
  1958 | D:3      | Reached XP level 6. HP: 43/52 MP: 5/5
  2055 | D:3      | Noticed Jessica
  2066 | D:3      | Killed Jessica
  2138 | D:3      | Found a glowing silver altar of Zin.
  2150 | D:3      | Noticed Natasha
  2153 | D:3      | Killed Natasha
  2262 | D:3      | Found a shattered altar of Ashenzari.
  2379 | D:3      | Noticed Natasha
  2387 | D:3      | Killed Natasha
  2402 | D:3      | Found a snail-covered altar of Cheibriados.
  2622 | D:3      | Noticed Natasha
  2628 | D:3      | Killed Natasha
  2636 | D:3      | Found a shattered altar of Ashenzari.
  2797 | D:4      | Found a sand-covered staircase.
  2808 | Ossuary  | Entered an ossuary
  2967 | Ossuary  | Reached XP level 7. HP: 53/60 MP: 6/6
  3180 | D:4      | Noticed Edmund
  3208 | D:4      | Killed Edmund
  3264 | D:4      | Found Kaguidimm's Assorted Antiques.
  3272 | D:4      | Bought a scroll labeled KUORRI QIFOMO for 30 gold pieces
  3272 | D:4      | Bought a purple potion for 27 gold pieces
  3272 | D:4      | Bought a blue potion for 27 gold pieces
  3293 | D:4      | Found a staircase to the Ecumenical Temple.
  3302 | Temple   | Entered the Ecumenical Temple
  3340 | Temple   | Became a worshipper of Warmaster Okawaru
  3491 | D:4      | Reached skill level 5 in Fighting
  3642 | D:4      | Reached skill level 5 in Short Blades
  3647 | D:4      | Reached * piety under Okawaru
  3647 | D:4      | Reached XP level 8. HP: 41/68 MP: 7/7
  3996 | D:4      | Noticed Blork the orc
  4004 | D:4      | Killed Blork the orc
  4206 | D:5      | Entered Level 5 of the Dungeon
  4362 | D:4      | Bought a wooden wand for 120 gold pieces
  4513 | D:5      | Found a hide-covered altar of Uskayaw.
  4998 | D:5      | Reached ** piety under Okawaru
  4998 | D:5      | Reached XP level 9. HP: 61/77 MP: 8/8
  5090 | D:5      | Found a stormy altar of Qazlal.
  5139 | D:5      | Noticed Ijyb
  5151 | D:5      | Killed Ijyb
  5301 | D:5      | Noticed Menkaure
  5305 | D:5      | Killed Menkaure
  6661 | D:7      | Noticed a two-headed ogre
  6664 | D:7      | Reached *** piety under Okawaru
  6678 | D:7      | Killed a two-headed ogre
  6678 | D:7      | Reached **** piety under Okawaru
  6831 | D:7      | Reached XP level 10. HP: 86/86 MP: 9/9
  6972 | D:8      | Found Firoqadi's Jewellery Emporium.
  7040 | D:8      | Found Vecuety's Assorted Antiques.
  7047 | D:8      | Bought a glittering lead amulet for 105 gold pieces
  7047 | D:8      | Bought a scroll labeled GUIBANLUWERR for 21 gold pieces
  7179 | D:8      | Found Saehus's Weapon Shop.
  7423 | D:5      | Got a shimmering triple sword
  7794 | D:8      | Found Coexiusk's Assorted Antiques.
  7797 | D:8      | Bought a translucent platinum ring for 165 gold pieces
  7870 | D:8      | Noticed Grum
  7874 | D:8      | Killed Grum
  7876 | D:8      | Reached skill level 10 in Short Blades
  7915 | D:8      | Found Gewiastu's Gadget Shoppe.
  7994 | D:9      | Found Ekuetydi's Distillery.
  8086 | D:9      | Found a flagged portal.
  8099 | Bailey   | Entered a bailey
  8114 | Bailey   | Noticed an orc knight
  8132 | Bailey   | Killed an orc knight
  8171 | Bailey   | Found an iron altar of Okawaru.
  8171 | Bailey   | Noticed an orc sorcerer
  8178 | Bailey   | Reached ***** piety under Okawaru
  8191 | Bailey   | Noticed a sixfirhy
  8203 | Bailey   | Noticed a rust devil
  8212 | Bailey   | Killed an orc sorcerer
  8629 | Bailey   | Got a shimmering robe
  8850 | Bailey   | Noticed an orc knight
  8862 | Bailey   | Killed an orc knight
  8862 | Bailey   | Reached skill level 10 in Shields
  8915 | Bailey   | Reached skill level 10 in Armour
  9073 | D:8      | Bought a scroll of identify for 66 gold pieces
  9073 | D:8      | Identified the amulet "Uriroc" {Acrobat Str+2} (You bought
                  | it in a shop on level 8 of the Dungeon)
  9076 | D:8      | Identified the ring "Beagyrph" {rF+ rC+ Dex+2} (You bought
                  | it in a shop on level 8 of the Dungeon)
  9161 | D:9      | Noticed a centaur warrior
  9176 | D:9      | Killed a centaur warrior
  9176 | D:9      | Reached XP level 11. HP: 84/95 MP: 10/10
  9301 | D:9      | Noticed Psyche
  9304 | D:9      | Killed Psyche
  9719 | D:10     | Entered Level 10 of the Dungeon
  9751 | D:10     | Noticed Erica
  9838 | D:10     | Received a gift from Okawaru
 10054 | D:10     | Noticed Snorg
 10071 | D:10     | Killed Snorg
 10124 | D:10     | Received a gift from Okawaru
 10125 | D:10     | Got a translucent buckler {god gift}
 10253 | D:10     | Identified the +5 buckler of Gehusmau {rPois Str+4}
                  | (Okawaru gifted it to you on level 10 of the Dungeon)
 10894 | D:10     | Killed Erica
 11224 | D:11     | Found a staircase to the Lair.
 11600 | D:11     | Noticed a two-headed ogre
 11604 | D:11     | Killed a two-headed ogre
 11604 | D:11     | Reached XP level 12. HP: 106/106 MP: 11/11
 11711 | D:11     | Reached skill level 5 in Long Blades
 11729 | D:11     | Noticed Harold
 11788 | D:11     | Killed Harold
 11788 | D:11     | Reached skill level 10 in Fighting
 11803 | D:11     | Found a staircase to the Orcish Mines.
 12394 | Lair:1   | Entered Level 1 of the Lair of Beasts
 12425 | Lair:1   | Reached skill level 1 in Evocations
 12528 | Lair:1   | Received a gift from Okawaru
 12664 | Lair:1   | Identified the Handbook of Displaced Execration
 12756 | Lair:1   | Noticed a seven-headed hydra
 12776 | Lair:1   | Killed a two-headed hydra
 13484 | Lair:2   | Noticed Gastronok
 13512 | Lair:2   | Found a frozen archway.
 13544 | IceCv    | Entered an ice cave
 13852 | IceCv    | Got a dazzling hunting sling
 13939 | Lair:2   | Killed Gastronok
 13939 | Lair:2   | Reached skill level 10 in Long Blades
 14184 | Lair:2   | Identified the +11 triple sword of Fragile Peace {slice,
                  | rF++ rC- Dex+3} (You found it on level 5 of the Dungeon)
 14205 | Lair:2   | Noticed a five-headed hydra
 14213 | Lair:2   | Killed a one-headed hydra
 14213 | Lair:2   | Reached XP level 13. HP: 108/115 MP: 12/12
 14648 | Lair:3   | Received a gift from Okawaru
 14979 | Lair:3   | Reached ****** piety under Okawaru
 15175 | Lair:3   | Got a dazzling buckler
 15186 | Lair:3   | Identified the +0 buckler "Rihuevamp" {rC+ Int+2} (You
                  | acquired it on level 3 of the Lair of Beasts)
 15285 | Lair:4   | Received a gift from Okawaru
 15288 | Lair:4   | Got an encrusted quick blade {god gift}
 15292 | Lair:4   | Identified the +6 quick blade "Badd" {pierce, rF- Str+4}
                  | (Okawaru gifted it to you on level 4 of the Lair of Beasts)
 16058 | Lair:4   | Found a staircase to the Snake Pit.
 16264 | D:8      | Bought the amulet of the Four Winds {rN+ MR+++ Clar} for
                  | 614 gold pieces
 16264 | D:8      | Found the amulet of the Four Winds {rN+ MR+++ Clar}
 16351 | D:12     | You fall into a shaft and drop 2 floors!
 16497 | D:14     | Received a gift from Okawaru
 16652 | D:13     | Found Gyesch's Assorted Antiques.
 16899 | D:12     | Noticed Maurice
 16905 | D:12     | Killed Maurice
 17550 | D:12     | Found a portal to a secret trove of treasure.
 17713 | D:8      | Bought a murky amethyst potion for 29 gold pieces
 17713 | D:8      | Bought a scroll labeled JIAMUCK UDARCH for 33 gold pieces
 17903 | D:12     | Received a gift from Okawaru
 18095 | D:12     | Reached XP level 14. HP: 124/124 MP: 13/13
 18177 | Orc:1    | Entered Level 1 of the Orcish Mines
 18410 | Orc:1    | Found a transporter.
 18507 | Orc:2    | Entered Level 2 of the Orcish Mines
 18668 | Orc:2    | Noticed an orc warlord
 18701 | Orc:2    | Killed an orc warlord
 18701 | Orc:2    | Received a gift from Okawaru
 19027 | Orc:2    | Got an ebony scimitar {god gift}
 19028 | Orc:2    | Identified the +1 scimitar of the Desert {venom, Dex+2}
                  | (Okawaru gifted it to you on level 2 of the Orcish Mines)
 19081 | Orc:2    | Found a roughly hewn altar of Beogh.
 19105 | Orc:2    | Noticed Urug
 19246 | Orc:2    | Killed Urug
 19290 | Orc:2    | Found Lomniwuf's Antique Weapon Emporium.
 19310 | Orc:2    | Found Leitoph's Antique Armour Emporium.
 19385 | Orc:2    | Found Eratwes's Jewellery Emporium.
 19402 | Orc:2    | Found Toukk's General Store.
 19922 | Orc:2    | Found a staircase to the Elven Halls.
 19979 | Orc:2    | Bought the ring of the Sneaky Wonders {+Fly rPois rC+
                  | Str+8} for 735 gold pieces
 20038 | Orc:1    | Found a roughly hewn altar of Beogh.
 20038 | Orc:1    | Found a transporter.
 20670 | Lair:5   | Received a gift from Okawaru
 21024 | Lair:6   | Entered Level 6 of the Lair of Beasts
 21024 | Lair:6   | Found a dark tunnel.
 21058 | Volcano  | Entered a volcano
 21152 | Volcano  | Reached skill level 15 in Long Blades
 21885 | Lair:6   | Reached XP level 15. HP: 126/135 MP: 14/14
 22023 | Lair:6   | Received a gift from Okawaru
 22585 | Lair:6   | Found a staircase to the Slime Pits.
 22592 | Lair:6   | Received a gift from Okawaru
 23157 | Lair:4   | Found a staircase to the Swamp.
 23181 | Swamp:1  | Entered Level 1 of the Swamp
 23236 | Swamp:1  | Reached skill level 15 in Shields
 23297 | Swamp:1  | Noticed Nikola
 23313 | Swamp:1  | Killed Nikola
 24050 | Swamp:1  | Noticed a tentacled monstrosity
 24139 | Snake:1  | Entered Level 1 of the Snake Pit
 25554 | Snake:1  | Found Huucvyarch's Weapon Shoppe.
 25595 | Snake:1  | Reached skill level 5 in Throwing
 25858 | Snake:1  | Received a gift from Okawaru
 26959 | Snake:2  | Reached XP level 16. HP: 143/147 MP: 16/16
 27186 | Snake:2  | Received a gift from Okawaru
 28151 | Snake:3  | Found a runed translucent gate.
 28151 | Snake:3  | Found a runed translucent gate.
 28151 | Snake:3  | Found a runed translucent gate.
 28165 | Snake:3  | Noticed Siddir's ghost (journeyman MiBe)
 28257 | Snake:3  | Received a gift from Okawaru
 28579 | Snake:3  | Noticed Aizul
 28592 | Snake:3  | Killed Aizul
 28818 | Snake:4  | Entered Level 4 of the Snake Pit
 28903 | Snake:4  | Reached skill level 15 in Armour
 28917 | Snake:3  | Found the +2 pair of boots of the Assassin {Detection Stab+
                  | Stlth++}
 29152 | Snake:4  | Reached skill level 15 in Fighting
 29481 | Snake:4  | Received a gift from Okawaru
 29902 | Snake:3  | Gained mutation: You possess an exceptional clarity of
                  | mind. [potion of mutation]
 29902 | Snake:3  | Gained mutation: You expend magic power (3 MP) to
                  | strengthen your wands. [potion of mutation]
 29902 | Snake:3  | Gained mutation: You are partially covered in slimy green
                  | scales. (AC +2) [potion of mutation]
 30721 | Snake:4  | Received a gift from Okawaru
 31186 | Snake:4  | Reached XP level 17. HP: 132/156 MP: 17/17
 31470 | Snake:4  | Got a serpentine rune of Zot
 32224 | D:13     | Found a gate to the Vaults.
 32359 | D:13     | Got a scintillating golden ring
 33073 | D:14     | Found Neloz's Gadget Emporium.
 33239 | D:15     | Entered Level 15 of the Dungeon
 33282 | D:15     | Found Siqeeb's Armour Emporium.
 33290 | D:15     | Found a shattered altar of Ashenzari.
 33499 | D:15     | Received a gift from Okawaru
 33772 | D:15     | Found a staircase to the Depths.
 33778 | D:15     | Received a gift from Okawaru
 33830 | D:15     | Found an iron altar of Okawaru.
 33841 | D:15     | Gained mutation: Your body sometimes deteriorates upon
                  | taking damage. [a neqoxec]
 34397 | D:15     | Identified the ring "Buiw" {Str+4 Dex+4 SInv Stlth+} (You
                  | found it on level 13 of the Dungeon)
 34575 | Orc:2    | Bought the amulet "Xiel" {Spirit MR++ Int+4 Slay+2 SInv}
                  | for 929 gold pieces
 35155 | Swamp:1  | Killed a tentacled monstrosity
 35292 | Swamp:2  | Noticed Frances
 35301 | Swamp:2  | Killed Frances
 35888 | Swamp:3  | Identified Roxanne's Guide on Transformation
 35888 | Swamp:3  | Noticed Roxanne
 35910 | Swamp:3  | Noticed Mara
 35915 | Swamp:3  | Noticed DrEnzyme's illusion
 36157 | Elf:1    | Entered Level 1 of the Elven Halls
 36192 | Elf:1    | Received a gift from Okawaru
 36852 | Elf:1    | Reached XP level 18. HP: 168/168 MP: 18/18
 39056 | Vaults:1 | Entered Level 1 of the Vaults
 39060 | Vaults:1 | Got a faintly glowing buckler
 39064 | Vaults:1 | Identified the +2 buckler of a Gauntlet {*Corrode +Inv rF+
                  | rN++} (You found it on level 1 of the Vaults)
 39095 | Vaults:1 | Received a gift from Okawaru
 39916 | Elf:2    | Noticed Azrael
 39930 | Elf:2    | Killed Azrael
 40308 | Elf:2    | Found a runed translucent gate.
 40308 | Elf:2    | Found a runed translucent gate.
 40308 | Elf:2    | Found a runed translucent gate.
 40444 | Elf:3    | Entered Level 3 of the Elven Halls
 40696 | Elf:3    | Noticed Bai Suzhen
 40904 | Elf:3    | Received a gift from Okawaru
 41023 | Elf:3    | Killed Bai Suzhen
 41726 | Elf:3    | Received a gift from Okawaru
 41854 | Elf:3    | Reached XP level 19. HP: 178/178 MP: 19/19
 42776 | Elf:3    | Identified the ring "Zabenecw" {rC+ EV+2}
 42941 | Elf:3    | Received a gift from Okawaru
 43066 | Elf:3    | Identified the ring "Doiclye" {Ice Int+2}
 43376 | Elf:3    | Noticed a Tzitzimitl
 43440 | Elf:3    | Identified the +1 pair of gloves "Detoelyv" {Str-4 Int+2
                  | Dex+3} (You found it on level 3 of the Elven Halls)
 43511 | Elf:3    | Noticed a Tzitzimitl
 43803 | Elf:3    | Received a gift from Okawaru
 44204 | Elf:3    | Identified the Compendium of Harmful Fire
 44210 | Elf:3    | Identified Sif Muna's Grimoire of Shifting Execration
 44218 | Elf:3    | Identified Besiod's Handbook of Virous Summoning
 44623 | Vaults:1 | Received a gift from Okawaru
 44749 | Vaults:1 | Identified a +1 pair of boots of running (Okawaru gifted it
                  | to you on level 1 of the Vaults)
 46221 | Vaults:2 | Reached skill level 1 in Invocations
 46298 | Vaults:2 | Noticed Mennas
 46321 | Vaults:2 | Killed Mennas
 46484 | Vaults:2 | Received a gift from Okawaru
 46543 | Vaults:2 | Reached XP level 20. HP: 188/189 MP: 20/20
 46919 | Vaults:2 | Noticed Sojobo
 47270 | Depths:1 | Entered Level 1 of the Depths
 47965 | Depths:1 | Identified the cursed +1 battleaxe of Wixisk {venom, +Blink
                  | rC+ Int+2 SInv}
 48380 | Depths:1 | Found a gateway to Hell.
 48384 | Depths:1 | Received a gift from Okawaru
 49002 | Depths:2 | Found Joivveoq's Magic Scroll Shoppe.
 49009 | Depths:2 | Bought a scroll of enchant armour for 150 gold pieces
 49096 | Depths:2 | Received a gift from Okawaru
 49534 | Elf:2    | Reached skill level 5 in Invocations
 50101 | Swamp:3  | Noticed DrEnzyme's illusion
 50161 | Swamp:3  | Killed Mara
 50161 | Swamp:3  | Received a gift from Okawaru
 50744 | Swamp:3  | Killed Roxanne
 50952 | Swamp:4  | Entered Level 4 of the Swamp
 51034 | Swamp:4  | Reached XP level 21. HP: 198/198 MP: 24/24
 51468 | Swamp:4  | Noticed the 27-headed Lernaean hydra
 51471 | Swamp:4  | Killed the 26-headed Lernaean hydra
 51476 | Swamp:4  | Got a decaying rune of Zot
 51884 | Swamp:4  | Received a gift from Okawaru
 52492 | Depths:2 | Found a gateway to a ziggurat.
 52704 | Depths:2 | Noticed the Enchantress
 52725 | Depths:2 | Killed the Enchantress
 52784 | Depths:2 | Found a one-way gate to the infinite horrors of the Abyss.
 52832 | Depths:2 | Identified the +5 mace "Zecei" {protect, Str+4}
 53278 | Depths:3 | Found a one-way gate leading to the halls of Pandemonium.
 53311 | Depths:3 | Found Loonuom's Book Shoppe.
 53322 | Depths:3 | Found Lafum's Magic Scroll Emporium.
 53480 | Depths:3 | Bought a scroll of blinking for 75 gold pieces
 53480 | Depths:3 | Bought a scroll of enchant armour for 75 gold pieces
 53659 | Depths:3 | Noticed a caustic shrike
 53834 | Depths:2 | Received a gift from Okawaru
 53837 | Depths:2 | Identified the +3 demon blade "Ydokavy" {venom, rElec rF+
                  | MR- Str+4} (Okawaru gifted it to you on level 2 of the
                  | Depths)
 53904 | Depths:2 | Learned a level 1 spell: Apportation
 53906 | Depths:2 | Learned a level 1 spell: Summon Butterflies
 54418 | Depths:3 | Killed a caustic shrike
 54680 | Depths:4 | Received a gift from Okawaru
 54711 | Depths:4 | Noticed a caustic shrike
 54901 | Depths:4 | Reached XP level 22. HP: 182/209 MP: 22/25
 55847 | Depths:4 | Noticed a caustic shrike
 55857 | Depths:3 | Killed a caustic shrike
 56399 | Depths:4 | Received a gift from Okawaru
 56416 | Depths:4 | Killed a caustic shrike
 56460 | Depths:4 | Reached skill level 10 in Throwing
 57108 | Depths:5 | Entered Level 5 of the Depths
 57490 | Depths:5 | Received a gift from Okawaru
 58933 | Vaults:3 | Reached XP level 23. HP: 190/220 MP: 22/26
 59656 | Depths:5 | Received a gift from Okawaru
 59669 | Depths:5 | Identified the +3 scimitar "Miemeg" {flame, rElec rC+}
                  | (Okawaru gifted it to you on level 5 of the Depths)
 60058 | Depths:5 | Found a gate to the Realm of Zot.
 60756 | Orc:2    | Bought an uncursed ring of resist corrosion for 280 gold
                  | pieces
 60971 | Slime:1  | Entered Level 1 of the Pits of Slime
 61674 | Slime:3  | Received a gift from Okawaru
 61679 | Slime:3  | Identified the +5 ring mail "Ryciuq" {-Tele rPois rC+}
                  | (Okawaru gifted it to you on level 3 of the Pits of Slime)
 61933 | Slime:5  | Entered Level 5 of the Pits of Slime
 62037 | Slime:5  | Gained mutation: You occasionally shout uncontrollably at
                  | your foes. [a shining eye]
 62188 | Slime:5  | Noticed Dissolution
 62193 | Slime:5  | Paralysed by a floating eye for 3 turns
 62202 | Slime:5  | Killed Dissolution
 62202 | Slime:5  | Reached skill level 1 in Dodging
 62461 | Slime:5  | Noticed the Royal Jelly
 62991 | Slime:5  | Killed the Royal Jelly
 62991 | Slime:5  | Received a gift from Okawaru
 62991 | Slime:5  | Reached XP level 24. HP: 221/231 MP: 26/27
 63626 | Slime:5  | Received a gift from Okawaru
 63646 | Slime:5  | Got a crude bone ring
 63647 | Slime:5  | Identified the ring "Loytuics" {*Tele Int-5 Dex+6 Stlth+}
                  | (You found it on level 5 of the Pits of Slime)
 63670 | Slime:5  | Found the amulet of Vitality {Regen+ HP+15}
 63686 | Slime:5  | Identified the cursed +0 chain mail "Biutuid" {rN+ Str+5
                  | Int+3 Dex-3} (You found it on level 5 of the Pits of Slime)
 63688 | Slime:5  | Identified the Reference Book on the Birds
 63730 | Slime:5  | Identified the Handbook of the Circus Animal
 63733 | Slime:5  | Got a slimy rune of Zot
 63734 | Slime:5  | Identified Sif Muna's Incunabulum of the Entrancing
                  | Mountains
 63755 | Slime:5  | Identified the +6 falchion "ETAOIN SHRDLU" {antimagic, rF+}
                  | (You found it on level 5 of the Pits of Slime)
 64363 | Temple   | Fell from the grace of Okawaru
 64363 | Temple   | Became a worshipper of the Shining One
 64901 | D:9      | Bought 2 potions of cancellation for 208 gold pieces
 64901 | D:9      | Bought a potion of heal wounds for 65 gold pieces
 64901 | D:9      | Bought a potion of agility for 52 gold pieces
 64901 | D:9      | Bought a potion of curing for 39 gold pieces
 64901 | D:9      | Bought 2 potions of heal wounds for 130 gold pieces
 64901 | D:9      | Bought a potion of mutation for 104 gold pieces
 64953 | D:8      | Bought a scroll of blinking for 157 gold pieces
 65249 | Depths:2 | Voluntarily entered the Abyss.
 65249 | Zig:24   | Entered Level 24 of a ziggurat
 65713 | Abyss:3  | Reached * piety under the Shining One
 65819 | Abyss:3  | Reached ** piety under the Shining One
 65912 | Depths:2 | Escaped the Abyss
 67172 | Depths:2 | Voluntarily entered the Abyss.
 67172 | Abyss:1  | Found a corrupted altar of Lugonu.
 67173 | Abyss:1  | Found a transporter.
 67215 | Abyss:1  | Reached *** piety under the Shining One
 67375 | Abyss:1  | Reached **** piety under the Shining One
 67377 | Abyss:1  | Gained mutation: Your muscles are strong. (Str +2) [a
                  | neqoxec]
 67494 | Abyss:2  | Found a corrupted altar of Lugonu.
 67511 | Depths:2 | Escaped the Abyss
 68151 | Depths:2 | Voluntarily entered the Abyss.
 68151 | Zig:23   | Entered Level 23 of a ziggurat
 68265 | Abyss:1  | Reached skill level 5 in Dodging
 68444 | Abyss:2  | Reached ***** piety under the Shining One
 68658 | Abyss:3  | Found a corrupted altar of Lugonu.
 68686 | Abyss:3  | Found a corrupted altar of Lugonu.
 68824 | Abyss:3  | Found a corrupted altar of Lugonu.
 68921 | Abyss:3  | Found a corrupted altar of Lugonu.
 69030 | Abyss:3  | Found a corrupted altar of Lugonu.
 69067 | Abyss:3  | Reached ****** piety under the Shining One
 69170 | Abyss:4  | Identified a +9 double sword of holy wrath (a +9 double
                  | sword blessed by the Shining One)
 69170 | Abyss:4  | Received a gift from the Shining One
 69177 | Abyss:4  | Found a basalt altar of Yredelemnul.
 69306 | Abyss:5  | Entered Level 5 of the Abyss
 69306 | Abyss:5  | Entered Level 5 of the Abyss
 69440 | Abyss:5  | Found a stormy altar of Qazlal.
 69480 | Depths:2 | Escaped the Abyss
 69671 | Depths:2 | Voluntarily entered the Abyss.
 69796 | Abyss:1  | Reached XP level 25. HP: 240/240 MP: 27/28
 70240 | Depths:2 | Escaped the Abyss
 70315 | Depths:2 | Voluntarily entered the Abyss.
 70330 | Abyss:1  | Identified Venuzxik's Reference Book on Hurtful Feathers
 70397 | Abyss:1  | Noticed an ancient lich
 70403 | Abyss:1  | Killed an ancient lich
 70681 | Zig:8    | Entered Level 8 of a ziggurat
 70765 | Depths:2 | Escaped the Abyss
 70915 | Depths:2 | Voluntarily entered the Abyss.
 70915 | Tar:1    | Entered Level 1 of Tartarus
 70920 | Abyss:1  | Found a corrupted altar of Lugonu.
 71188 | Depths:2 | Escaped the Abyss
 71268 | Depths:2 | Voluntarily entered the Abyss.
 71313 | Abyss:1  | Was forgiven by Okawaru
 71610 | Abyss:1  | Gained mutation: Your body often deteriorates upon taking
                  | damage. [a neqoxec]
 71612 | Abyss:1  | Gained mutation: Your magical capacity is low. (-10% MP) [a
                  | neqoxec]
 71798 | Depths:2 | Escaped the Abyss
 71906 | Depths:2 | Lost mutation: Your body often deteriorates upon taking
                  | damage. [potion of mutation]
 71906 | Depths:2 | Lost mutation: Your magical capacity is low. (-10% MP)
                  | [potion of mutation]
 71906 | Depths:2 | Lost mutation: Your muscles are strong. (Str +2) [potion of
                  | mutation]
 71906 | Depths:2 | Gained mutation: You are clumsy. (Dex -2) [potion of
                  | mutation]
 71906 | Depths:2 | Lost mutation: Your body sometimes deteriorates upon taking
                  | damage. [potion of mutation]
 71906 | Depths:2 | Gained mutation: You are resistant to electric shocks.
                  | (rElec) [potion of mutation]
 71906 | Depths:2 | Gained mutation: Your system is resistant to poisons.
                  | (rPois) [potion of mutation]
 72267 | Vaults:2 | Noticed Margery
 72282 | Vaults:2 | Killed Margery
 72285 | Vaults:2 | Reached skill level 10 in Invocations
 72359 | Vaults:2 | Killed Sojobo
 73122 | Vaults:3 | Found Eppaggic's Food Shoppe.
 73130 | Vaults:3 | Found a staircase to the Crypt.
 73319 | Vaults:3 | Identified the +0 shield of the Forest {*Drain rC+ Regen+
                  | Int+4} (You acquired it on level 3 of the Vaults)
 73502 | Vaults:3 | Found the amulet of the Air {Inacc +Fly rElec EV+5 RMsl}
 74319 | Vaults:4 | Reached XP level 26. HP: 218/251 MP: 27/30
 74817 | Vaults:4 | Identified the +0 pair of gloves "Waklat" {+Inv rPois rC-
                  | Int-3} (You acquired it on level 4 of the Vaults)
 75194 | Vaults:4 | Reached skill level 10 in Dodging
 75512 | Vaults:4 | Identified the Reference Book on Torrid Changing
 75515 | Vaults:4 | Identified the +0 pair of gloves of the Zebra {rPois Str+5}
                  | (You found it on level 4 of the Vaults)
 75810 | Vaults:5 | Entered Level 5 of the Vaults
 75872 | Vaults:5 | Identified the cursed +0 morningstar of Uqidwila {elec,
                  | rF++ rC+ rN+ SInv}
 75928 | Vaults:5 | Identified the amulet "Yce Ocs" {Harm *Drain +Blink MR-
                  | Dex-2 SInv}
 76081 | Vaults:5 | Identified the ring "Merracur" {Fire rPois rN+ Str-3}
 76271 | Vaults:5 | Reached XP level 27. HP: 259/264 MP: 29/31
 76287 | Vaults:5 | Noticed an ancient lich
 76536 | Vaults:5 | Killed an ancient lich
 76922 | Vaults:5 | Identified the cursed +1 spear of the Endless Expanse
                  | {pain, -Tele rC+ Dex+6}
 77211 | Vaults:5 | Found the ring of the Mage {Wiz MR++ Int+3}
 77410 | Vaults:5 | Got a silver rune of Zot
 78336 | Zot:1    | Entered Level 1 of the Realm of Zot
 79341 | Zot:1    | Identified the +13 chain mail of Defence {rC- rN+ Str-4
                  | Int+7} (You found it on level 1 of the Realm of Zot)
 79616 | Zot:1    | Found a runed translucent gate.
 79617 | Zot:1    | Found a runed translucent gate.
 79617 | Zot:1    | Noticed Toelubet's ghost (veteran CeHu)
 79618 | Zot:1    | Found a runed translucent gate.
 79793 | Zot:1    | Reached skill level 27 in Fighting
 79891 | Zot:1    | Noticed a juggernaut
 79891 | Zot:1    | a Killer Klown changed into a juggernaut
 79894 | Zot:1    | Killed a juggernaut
 80273 | Zot:1    | Noticed an orb of fire
 80274 | Zot:1    | Gained mutation: Your flesh is heat resistant. (rF+) [an
                  | orb of fire]
 80279 | Zot:1    | Killed an orb of fire
 80981 | Zot:2    | Found a large runed translucent door.
 80994 | Zot:2    | Found a large runed translucent door.
 80995 | Zot:2    | Noticed Muataran's ghost (veteran MiMo)
 81009 | Zot:2    | Killed Muataran's ghost
 82178 | Zot:3    | Reached skill level 5 in Evocations
 82863 | Zot:3    | Reached skill level 15 in Invocations
 83847 | Zot:4    | Noticed an orb of fire
 83848 | Zot:4    | Gained mutation: You do not regenerate when monsters are
                  | visible. [an orb of fire]
 83855 | Zot:4    | Killed an orb of fire
 84540 | Zot:5    | Entered Level 5 of the Realm of Zot
 84679 | Zot:5    | Reached skill level 15 in Dodging
 85380 | Depths:4 | Voluntarily entered the Abyss.
 85400 | Crypt:3  | Entered Level 3 of the Crypt
 85977 | Abyss:3  | Reached skill level 27 in Shields
 85990 | Abyss:3  | Got an abyssal rune of Zot
 86010 | Depths:4 | Escaped the Abyss
 86089 | Hell     | Entered the Vestibule of Hell
 86089 | Hell     | Noticed Geryon
 86103 | Hell     | Killed Geryon
 86225 | Hell     | Found a gateway to the Iron City of Dis.
 86322 | Hell     | Found a gateway to the decaying netherworld of Tartarus.
 86378 | Hell     | Found a gateway to the ashen valley of Gehenna.
 86456 | Hell     | Found a gateway to the freezing wastes of Cocytus.
 86603 | Geh:1    | Entered Level 1 of Gehenna
 87224 | Geh:7    | Entered Level 7 of Gehenna
 87602 | Geh:7    | Reached skill level 15 in Throwing
 88043 | Geh:7    | Identified the +7 sceptre of Asmodeus
 88043 | Geh:7    | Identified the cursed ring "Nuisiwom" {Int+3 Slay-2}
 88043 | Geh:7    | Noticed Asmodeus
 88057 | Geh:7    | Killed Asmodeus
 88067 | Geh:7    | Got an obsidian rune of Zot
 88280 | Coc:1    | Entered Level 1 of Cocytus
 88819 | Coc:6    | Reached skill level 10 in Evocations
 88839 | Coc:7    | Entered Level 7 of Cocytus
 89236 | Coc:7    | Noticed Antaeus
 89301 | Coc:7    | Reached skill level 27 in Armour
 89368 | Coc:7    | Got a wavering pewter ring
 89379 | Coc:7    | Got a brightly glowing ivory ring
 89380 | Coc:7    | Identified the ring of Zeumesom {+Inv rElec rPois rF+ MR+}
                  | (You found it on level 7 of Cocytus)
 89381 | Coc:7    | Identified the ring "Olock" {Dex+5 Slay+5} (You found it on
                  | level 7 of Cocytus)
 90020 | Coc:7    | Killed Antaeus
 90102 | Coc:7    | Got an icy rune of Zot
 90103 | Coc:7    | Identified the Papyrus of Creative Lightness
 90242 | Hell     | Lost mutation: You possess an exceptional clarity of mind.
                  | [potion of mutation]
 90242 | Hell     | Lost mutation: You are clumsy. (Dex -2) [potion of
                  | mutation]
 90242 | Hell     | Lost mutation: You expend magic power (3 MP) to strengthen
                  | your wands. [potion of mutation]
 90242 | Hell     | Lost mutation: You do not regenerate when monsters are
                  | visible. [potion of mutation]
 90242 | Hell     | Gained mutation: Your movements are slightly less
                  | encumbered by armour. (ER -2) [potion of mutation]
 90619 | Crypt:1  | Entered Level 1 of the Crypt
 90762 | Crypt:1  | You fall into a shaft and drop 1 floor!
 90779 | Crypt:2  | Reached skill level 1 in Spellcasting
 91266 | Crypt:1  | Noticed Saint Roka
 91280 | Crypt:1  | Killed Saint Roka
 91502 | Crypt:2  | Found a runed translucent gate.
 91503 | Crypt:2  | Found a runed translucent gate.
 91503 | Crypt:2  | Found a runed translucent gate.
 91504 | Crypt:2  | Noticed Hali's ghost (veteran FoFi)
 91505 | Crypt:2  | Noticed rrossfarrar's ghost (veteran BaFi)
 91505 | Crypt:2  | Noticed Heot Zafel's ghost (veteran MiGl)
 91505 | Crypt:2  | Noticed Xenat's ghost (veteran MiGl)
 91516 | Crypt:2  | Killed Hali's ghost
 91525 | Crypt:2  | Killed rrossfarrar's ghost
 91527 | Crypt:2  | Killed Xenat's ghost
 91534 | Crypt:2  | Killed Heot Zafel's ghost
 92221 | Crypt:3  | Entered Level 3 of the Crypt
 92520 | Crypt:3  | Found a staircase to the Tomb.
 92782 | Crypt:3  | Found the +7 great mace "Undeadhunter" {disrupt, rN+}
 93052 | Crypt:3  | Got a warped ivory ring
 93052 | Crypt:3  | Got a fine bone ring
 93055 | Crypt:3  | Identified the ring of Tajaim {*Corrode *Slow rC+++ rN+
                  | Dex+4} (You found it on level 3 of the Crypt)
 93056 | Crypt:3  | Identified the ring "Nunim" {*Contam +Fly rN+ MR- Str+8}
                  | (You found it on level 3 of the Crypt)
 93586 | Crypt:3  | Got a warped copper amulet
 93587 | Crypt:3  | Identified the amulet "Hythrev" {Faith *Corrode Dex+7 SInv}
                  | (You found it on level 3 of the Crypt)
 93603 | Crypt:3  | Got a wavering copper ring
 93604 | Crypt:3  | Identified the ring of the Cricket {rF+ MR+} (You found it
                  | on level 3 of the Crypt)
 94090 | Dis:1    | Entered Level 1 of the Iron City of Dis
 94785 | Dis:2    | Reached skill level 5 in Spellcasting
 95886 | Dis:7    | Entered Level 7 of the Iron City of Dis
 97280 | Dis:7    | Identified the Papyrus of the Mountains and Talismans
 97316 | Dis:7    | Identified the +8 plate armour of Ehoraqido {-Tele +Inv
                  | rC++ rN+ Dex+2} (You found it on level 7 of the Iron City
                  | of Dis)
 97716 | Dis:7    | Identified the +4 staff of Dispater
 97716 | Dis:7    | Noticed Dispater
 97729 | Dis:7    | Killed Dispater
 97762 | Dis:7    | Got an iron rune of Zot
 97929 | Tar:1    | Entered Level 1 of Tartarus
 98714 | Tar:7    | Entered Level 7 of Tartarus
 99051 | Tar:7    | Identified Sif Muna's Catalogue of the Dusty Traveller
 99397 | Tar:7    | Noticed Ereshkigal
 99757 | Tar:7    | Killed Ereshkigal
 99786 | Tar:7    | Got a bone rune of Zot
100256 | Depths:2 | Bought a scroll of fear for 70 gold pieces
100256 | Depths:2 | Bought a scroll of blinking for 150 gold pieces
100256 | Depths:2 | Bought a scroll of silence for 150 gold pieces
100256 | Depths:2 | Bought a scroll of teleportation for 60 gold pieces
100404 | D:13     | Bought a scroll of blinking for 285 gold pieces
100404 | D:13     | Bought a wand of acid (8) for 304 gold pieces
100577 | Pan      | Entered Pandemonium
100814 | Pan      | Noticed Xesh the pandemonium lord
100825 | Pan      | Killed Xesh the pandemonium lord
101371 | Pan      | Noticed Direimush the pandemonium lord
101377 | Pan      | Killed Direimush the pandemonium lord
101980 | Pan      | Noticed Woxism the pandemonium lord
101989 | Pan      | Killed Woxism the pandemonium lord
102057 | Pan      | Got a demonic rune of Zot
102176 | Pan      | Entered the realm of Mnoleg.
102185 | Pan      | Gained mutation: Potions are less effective at restoring
                  | your health. [a cacodemon]
102373 | Pan      | Gained mutation: Your spells are a little easier to cast,
                  | but a little less powerful. [a cacodemon]
102379 | Pan      | Reached skill level 10 in Spellcasting
102437 | Pan      | Gained mutation: Scrolls take you a little longer to read.
                  | [a neqoxec]
102440 | Pan      | Lost mutation: Your system is resistant to poisons. (rPois)
                  | [potion of mutation]
102440 | Pan      | Lost mutation: Scrolls take you a little longer to read.
                  | [potion of mutation]
102440 | Pan      | Lost mutation: Your spells are a little easier to cast, but
                  | a little less powerful. [potion of mutation]
102440 | Pan      | Lost mutation: Your flesh is heat resistant. (rF+) [potion
                  | of mutation]
102440 | Pan      | Gained mutation: Your body sometimes deteriorates upon
                  | taking damage. [potion of mutation]
102440 | Pan      | Gained mutation: Armour fits poorly on your strangely
                  | shaped body. [potion of mutation]
102440 | Pan      | Gained mutation: Your mind is acute. (Int +2) [potion of
                  | mutation]
102502 | Pan      | Gained mutation: You sometimes yell uncontrollably at your
                  | foes. [a neqoxec]
102624 | Pan      | Gained mutation: Your body often deteriorates upon taking
                  | damage. [a cacodemon]
102640 | Pan      | Gained mutation: Potions are poor at restoring your health.
                  | [a cacodemon]
102647 | Pan      | Gained mutation: Your magical capacity is low. (-10% MP) [a
                  | cacodemon]
102701 | Pan      | Paralysed by a floating eye for 3 turns
102710 | Pan      | Noticed Mnoleg
102725 | Pan      | Killed Mnoleg
102860 | Pan      | Got a glowing rune of Zot
102942 | Pan      | Lost mutation: Your body often deteriorates upon taking
                  | damage. [potion of mutation]
102942 | Pan      | Lost mutation: Your movements are slightly less encumbered
                  | by armour. (ER -2) [potion of mutation]
102942 | Pan      | Lost mutation: Armour fits poorly on your strangely shaped
                  | body. [potion of mutation]
102942 | Pan      | Lost mutation: Your magical capacity is low. (-10% MP)
                  | [potion of mutation]
102942 | Pan      | Gained mutation: Your magical capacity is low. (-10% MP)
                  | [potion of mutation]
102942 | Pan      | Gained mutation: You are partially covered in molten
                  | scales. (AC +2) [potion of mutation]
102943 | Pan      | Lost mutation: Your mind is acute. (Int +2) [potion of
                  | mutation]
102943 | Pan      | Lost mutation: You are partially covered in slimy green
                  | scales. (AC +2) [potion of mutation]
102943 | Pan      | Gained mutation: You can translocate small distances at
                  | will. [potion of mutation]
102946 | Pan      | Lost mutation: Potions are poor at restoring your health.
                  | [potion of mutation]
102946 | Pan      | Lost mutation: Your magical capacity is low. (-10% MP)
                  | [potion of mutation]
102946 | Pan      | Lost mutation: Your body sometimes deteriorates upon taking
                  | damage. [potion of mutation]
102946 | Pan      | Lost mutation: You can translocate small distances at will.
                  | [potion of mutation]
102946 | Pan      | Lost mutation: You sometimes yell uncontrollably at your
                  | foes. [potion of mutation]
102946 | Pan      | Gained mutation: Scrolls take you a little longer to read.
                  | [potion of mutation]
102946 | Pan      | Gained mutation: Your mind is acute. (Int +2) [potion of
                  | mutation]
102946 | Pan      | Gained mutation: You possess an exceptional clarity of
                  | mind. [potion of mutation]
102947 | Pan      | Lost mutation: Scrolls take you a little longer to read.
                  | [potion of mutation]
102947 | Pan      | Lost mutation: You possess an exceptional clarity of mind.
                  | [potion of mutation]
102947 | Pan      | Lost mutation: Your mind is acute. (Int +2) [potion of
                  | mutation]
102947 | Pan      | Gained mutation: You have sharp fingernails. [potion of
                  | mutation]
102947 | Pan      | Gained mutation: Your flesh is heat resistant. (rF+)
                  | [potion of mutation]
102947 | Pan      | Gained mutation: Your movements are slightly less
                  | encumbered by armour. (ER -2) [potion of mutation]
102949 | Pan      | Entered the realm of Cerebov.
103621 | Pan      | Identified the +6 sword of Cerebov {flame}
103621 | Pan      | Noticed Cerebov
103638 | Pan      | Killed Cerebov
103805 | Pan      | Got a fiery rune of Zot
103828 | Pan      | Identified Sif Muna's Papyrus of Bewitchment
103896 | Pan      | Identified the Grimoire of Dislocation and the Volcanoes
103999 | Pan      | Found an exit through the horrors of the Abyss.
104067 | Pan      | Noticed Zouqirchit the pandemonium lord
104085 | Pan      | Killed Zouqirchit the pandemonium lord
104288 | Pan      | Found an exit through the horrors of the Abyss.
104292 | Pan      | Gained mutation: You are covered in fur. (AC +1) [a
                  | cacodemon]
104330 | Pan      | Noticed Emnicw the pandemonium lord
104337 | Pan      | Killed Emnicw the pandemonium lord
104776 | Pan      | Found an exit through the horrors of the Abyss.
104900 | Pan      | Entered the realm of Gloorx Vloq.
104962 | Pan      | Found an exit through the horrors of the Abyss.
105608 | Pan      | Reached skill level 27 in Invocations
105669 | Pan      | Noticed Gloorx Vloq
105677 | Pan      | Killed Gloorx Vloq
105780 | Pan      | Got a dark rune of Zot
105979 | Pan      | Noticed Ozu Buti the pandemonium lord
105987 | Pan      | Killed Ozu Buti the pandemonium lord
106028 | Pan      | Identified the +7 broad axe of Zurhun {chop, Dex+3} (You
                  | found it in Pandemonium)
106030 | Pan      | Entered the realm of Lom Lobon.
106145 | Pan      | Found an exit through the horrors of the Abyss.
106973 | Pan      | Noticed Lom Lobon
106995 | Pan      | Killed Lom Lobon
107035 | Pan      | Got a magical rune of Zot
107145 | Depths:3 | Escaped Pandemonium
107230 | Zig:1    | Entered Level 1 of a ziggurat
107251 | Zig:2    | Entered Level 2 of a ziggurat
107269 | Zig:2    | Identified Diaggeck's Handbook of Necromancy and
                  | Bewitchment
107278 | Zig:3    | Entered Level 3 of a ziggurat
107317 | Zig:4    | Entered Level 4 of a ziggurat
107337 | Zig:4    | Identified the Compendium of Unstable Beguiling
107418 | Zig:5    | Entered Level 5 of a ziggurat
107439 | Zig:5    | Got a serpentine copper ring
107443 | Zig:5    | Identified the ring "Eda Diyg" {+Inv +Fly rC+ Slay-3} (You
                  | found it on level 5 of a ziggurat)
107460 | Zig:6    | Entered Level 6 of a ziggurat
107511 | Zig:6    | Identified Zufem's Collected Works on Talismans
107530 | Zig:7    | Entered Level 7 of a ziggurat
107569 | Zig:7    | Got a crude jade amulet
107571 | Zig:7    | Identified the amulet "Xiumegax" {Faith +Inv Dex-3 Slay+2}
                  | (You found it on level 7 of a ziggurat)
108075 | Tomb:1   | Entered Level 1 of the Tomb of the Ancients
108591 | Tomb:1   | Noticed a greater mummy
108601 | Tomb:1   | Killed a greater mummy
108938 | Tomb:1   | Noticed a greater mummy
108949 | Tomb:1   | Killed a greater mummy
109165 | Tomb:2   | Noticed a greater mummy
109165 | Tomb:2   | Noticed a greater mummy
109189 | Tomb:2   | Killed a greater mummy
109189 | Tomb:2   | Killed a greater mummy
109375 | Tomb:2   | Noticed a greater mummy
109385 | Tomb:2   | Killed a greater mummy
109515 | Tomb:2   | Noticed an ancient lich
109526 | Tomb:2   | Killed an ancient lich
109766 | Tomb:3   | Entered Level 3 of the Tomb of the Ancients
109801 | Tomb:3   | Noticed a greater mummy
109809 | Tomb:3   | Killed a greater mummy
109810 | Tomb:3   | Noticed a greater mummy
109816 | Tomb:3   | Noticed a greater mummy
109818 | Tomb:3   | Found the +3 warlock's mirror {reflect}
109818 | Tomb:3   | Killed a greater mummy
109829 | Tomb:3   | Killed a greater mummy
109829 | Tomb:3   | Reached skill level 15 in Evocations
109840 | Tomb:3   | Noticed a greater mummy
109841 | Tomb:3   | Noticed an ancient lich
109845 | Tomb:3   | Killed an ancient lich
109846 | Tomb:3   | Killed a greater mummy
109863 | Tomb:3   | Noticed a greater mummy
109866 | Tomb:3   | Killed a greater mummy
110166 | Tomb:3   | Got a pitted brass amulet
110167 | Tomb:3   | Identified the amulet "Firr" {Faith MR+ Int+5} (You found
                  | it on level 3 of the Tomb of the Ancients)
110177 | Tomb:3   | Got a bound brass ring
110178 | Tomb:3   | Identified the ring of the Firefly {rPois AC+3 Dex-2
                  | Stlth+} (You found it on level 3 of the Tomb of the
                  | Ancients)
110181 | Tomb:3   | Identified the Almanac of the Arsonist and Weightlessness
110218 | Tomb:3   | Noticed a greater mummy
110223 | Tomb:3   | Killed a greater mummy
110245 | Tomb:3   | Noticed a greater mummy
110266 | Tomb:3   | Killed a greater mummy
110283 | Tomb:3   | Noticed a greater mummy
110290 | Tomb:3   | Killed a greater mummy
110338 | Tomb:3   | Got a golden rune of Zot
111354 | Zot:5    | Noticed an ancient lich
111362 | Zot:5    | Killed an ancient lich
111414 | Zot:5    | Noticed an orb of fire
111428 | Zot:5    | Killed an orb of fire
111521 | Zot:5    | Noticed an orb of fire
111527 | Zot:5    | Gained mutation: Armour fits poorly on your strangely
                  | shaped body. [an orb of fire]
111534 | Zot:5    | Gained mutation: You are weak. (Str -2) [an orb of fire]
111536 | Zot:5    | Killed an orb of fire
111813 | Zot:5    | Noticed an orb of fire
111814 | Zot:5    | Noticed an orb of fire
111844 | Zot:5    | Lost mutation: You are weak. (Str -2) [potion of mutation]
111844 | Zot:5    | Lost mutation: You are partially covered in molten scales.
                  | (AC +2) [potion of mutation]
111844 | Zot:5    | Lost mutation: You occasionally shout uncontrollably at
                  | your foes. [potion of mutation]
111844 | Zot:5    | Lost mutation: Armour fits poorly on your strangely shaped
                  | body. [potion of mutation]
111844 | Zot:5    | Gained mutation: You occasionally shout uncontrollably at
                  | your foes. [potion of mutation]
111844 | Zot:5    | Gained mutation: You are robust. (+10% HP) [potion of
                  | mutation]
112297 | Zot:5    | Gained mutation: You are clumsy. (Dex -2) [an orb of fire]
112301 | Zot:5    | Killed an orb of fire
112430 | Zot:5    | Noticed an ancient lich
112441 | Zot:5    | Killed an ancient lich
112452 | Zot:5    | Noticed an ancient lich
112459 | Zot:5    | Killed an ancient lich
112495 | Zot:5    | Gained mutation: You are dopey. (Int -2) [an orb of fire]
112503 | Zot:5    | Killed an orb of fire
113616 | Zot:5    | Got the Orb of Zot
114207 | D:$      | Escaped with the Orb!

Levels and vault maps discovered:
D:1:      dpeg_arrival_arbitrary_a, layout_basic
D:2:      layout_rooms, serial_park_tiny_pond, yredelemnul_altar_generic
D:3:      layout_loops_cross, cheibriados_altar_1, lemuel_doored_altar,
          first_ration, cheibrodos_ashenzari_chains, uniq_jessica, uniq_sigmund,
          uniq_natasha
D:4:      minmay_razor_zed, layout_basic, minmay_temple_entry_ruins,
          nicolae_ossuary_entry_ruins, serial_corexii_hall,
          corexii_hall_statues_deadend, corexii_hall_statues_u,
          corexii_hall_statues_u, serial_shops, shop, uniq_edmund,
          uniq_blork_the_orc
D:5:      layout_loops_ring, kennysheep_little_box,
          lemuel_coloured_pillars_altar, sword_in_stone, uniq_ijyb,
          uniq_menkaure
D:6:      layout_rooms, serial_park_tiny_pond
D:7:      black_bear_nest_2, layout_loops_corners, kennysheep_generic_room_4
D:8:      layout_basic, serial_shops, shop, shop, shop, shop,
          nicolae_shop_behind_doors, grunt_pizzeria, uniq_grum
D:9:      layout_cross, enter_bailey_6, serial_shops, shop, uniq_psyche
D:10:     layout_loops_ring, uniq_snorg, uniq_erica
D:11:     layout_roguey, due_lair_maze_entry_diamond, orc_0_dummy, uniq_harold
D:12:     layout_basic, nicolae_trove_entry_path_of_doom,
          kennysheep_generic_room_7, uniq_maurice
D:13:     layout_small_grid, erik_vaults_1, serial_shops, shop
D:14:     layout_irregular_city, serial_shops, nicolae_shop_trees,
          abandoned_shop
D:15:     grunt_enter_depths_magical_seal, layout_stronghold, serial_shops,
          shop, chequers_serial_rivers_room_b, hangedman_feature_mirror
Temple:   dpeg_five_rooms_temple
Lair:1:   layout_loops_ring
Lair:2:   layout_gridlike, portal_ice_cave_demonic_guard, grunt_megastairs_2,
          serial_bayou_shore_a, infiniplex_staircase_pool, uniq_gastronok
Lair:3:   layout_chaotic_city
Lair:4:   layout_regular_city, palyth_hydra_swamp_entry,
          minmay_snake_entry_guardpost_medium, infiniplex_staircase_pool_2
Lair:5:   layout_loops_ring, st_stairs_8, wad_woods_river_03, minivault_19,
          hibernation_bobbens, serial_bayou_shore_b
Lair:6:   minmay_lair_end_enchanted_forest, layout_cave_pods,
          nicolae_slime_entry_slimehenge, nicolae_volcano_entry_lava_flow,
          lemuel_fruit_fields
Swamp:1:  layout_falls_marsh, serial_swamp_ruin, evilmike_swamp_ruin_house_6,
          evilmike_swamp_ruin_rubble_2, uniq_nikola
Swamp:2:  layout_falls_marsh, evilmike_swamp_ruin_wall, uniq_frances
Swamp:3:  layout_falls_marsh, hangedman_swamp_blocks, uniq_roxanne, uniq_mara
Swamp:4:  grunt_swamp_rune_castle, layout_basic_swamp
Snake:1:  layout_misc_corridors, serial_shops, shop
Snake:2:  layout_onion_interference
Snake:3:  layout_gridlike, ebering_ghost_rock_garden, nicolae_snake_single_loop,
          st_stairs_4, uniq_aizul
Snake:4:  minmay_snake_end_coiled, layout_concentric_octagons,
          serial_bayou_lagoon_b
Slime:1:  layout_caves
Slime:2:  layout_caves, nicolae_slime_phagocytosis
Slime:3:  layout_caves
Slime:4:  layout_caves
Slime:5:  uniq_dissolution
Orc:1:    gammafunk_beogh_shrine, layout_diamond_mine, basic_altar
Orc:2:    grunt_orc_cross, layout_diamond_mine, mines_bat_river
Elf:1:    layout_gridlike, minivault_28
Elf:2:    layout_rooms, uniq_azrael
Elf:3:    elf_hall_gauntlet_wide, layout_geoelf_octagon, uniq_bai_suzhen
Vaults:1: vaults_room_door_ring, hangedman_vaults_trim, v_misc_29, v_misc_27,
          v_pattern_3, hangedman_vaults_corner_blocks, v_misc_4,
          ontoclasm_vaults_shuriken, hangedman_vaults_slice, vaults_mumra_lcd,
          ontoclasm_vaults_loading_screen, layout_vaults_omnigrid
Vaults:2: hangedman_vaults_corner_blocks, nicolae_vaults_three_branches,
          ontoclasm_vaults_decontamination, v_misc_16, vaults_room_hallway,
          v_misc_29, v_misc_19, dpeg_vaults_monster_row,
          layout_vaults_big_cross, uniq_margery, uniq_sojobo, uniq_mennas
Vaults:3: minmay_crypt_entry_simple_sparse, v_misc_11, v_misc_10,
          v_alt_pattern_6, v_misc_31, hangedman_vaults_cutoff,
          vaults_room_grunt_arrival_ludios, vaults_room_pools, st_lattice,
          nicolae_vaults_gold_heap, vaults_room_pools,
          layout_vaults_chaotic_city, serial_hangedman_research, serial_shops,
          shop_fountains
Vaults:4: st_greater_box_2, ontoclasm_vaults_chip, nicolae_vaults_shelves_hall,
          ontoclasm_vaults_misaligned, nicolae_vaults_circle_grid_a,
          grunt_vaults_funnel, nicolae_vaults_network_s,
          dpeg_vaults_monster_box, ontoclasm_vaults_spin,
          hangedman_vaults_nails, grunt_vaults_hallway_short,
          layout_vaults_maze_bifur
Vaults:5
Crypt:1:  layout_regular_city, grunt_crypt_arrival_guarded_gate, uniq_saint_roka
Crypt:2:  layout_catacombs, gammafunk_ghost_cemetery, st_chilly_death
Crypt:3:  due_elkab, layout_chaotic_city, tomb_entry_forgotten_bobbens
Tomb:1
Tomb:2
Tomb:3
Depths:1: layout_cave_shapes, minmay_misc_feat_iff,
          grunt_hell_entry_demonic_statue, hangedman_abyss_or_decor_passed,
          nicolae_water_bricks, minmay_misc_feat_cross, minmay_misc_feat_tower,
          minmay_misc_feat_more_columns, grunt_ministairs_8, st_stairs_13
Depths:2: minmay_the_grid_triangle_9x9_rhombus_thin_mashed
          [minmay_the_grid_triangle_9x9_stretched_checkered,
          minmay_the_grid_triangle_9x9_prize_insulated,
          minmay_the_grid_triangle_9x9_zippers_vertical,
          minmay_the_grid_triangle_9x9_thin_v], layout_gridlike,
          enter_ziggurat_b, hell_entry, serial_shops, shop_statue, abyss_entry,
          chequers_serial_rivers_micro_d, uniq_enchantress
Depths:3: minmay_slanted_spiral_squares, layout_cave_shapes,
          hangedman_geh_valley, grunt_pan_entry_zigzag, minmay_staircase_bubble,
          minmay_shoptagon
Depths:4: nicolae_legendary_halls, layout_gridville, serial_bayou_pond_c,
          abyss_entry_small_statue_room, hell_entry, uniq_frederick
Depths:5: grunt_zot_entry_bicorn, layout_twisted_cross, minmay_fountain_box,
          pf_coc_iceberg, nooodl_food_tri
Hell
Dis:1:    layout_gridville
Dis:2:    layout_chaotic_city, hangedman_dis_chains
Dis:3:    layout_jigsaw
Dis:4:    layout_gridville
Dis:5:    layout_chaotic_city, grunt_megastairs_5
Dis:6:    layout_regular_city
Dis:7:    iron_city_of_dis [dis_old, dis_wall_2], layout_chaotic_city
Geh:1:    layout_gehenna_lava_caves
Geh:2:    layout_gehenna_lava_caves
Geh:3:    layout_gehenna_lava_caves
Geh:4:    layout_gehenna_pools_basic
Geh:5:    layout_gehenna_pools_triple, grunt_megastairs_4
Geh:6:    layout_gehenna_pools_basic
Geh:7:    geh_grunt_pentagon
Coc:1:    layout_ice_bergs
Coc:2:    layout_cocytus_water_paths
Coc:3:    layout_cocytus_water_paths
Coc:4:    layout_ice_bergs
Coc:5:    layout_ice_bergs
Coc:6:    layout_ice_bergs
Coc:7:    coc_grunt
Tar:1:    layout_grid_maze
Tar:2:    layout_grid_maze, nicolae_tar_cuneiform_two
Tar:3:    layout_cathedral_of_symmetry
Tar:4:    layout_grid_maze
Tar:5:    layout_grid_maze
Tar:6:    layout_catacombs, grunt_megastairs_3
Tar:7:    tar_mu [tar_mu_maze]
Zot:1:    nicolae_zot_stationary_front, layout_basic, gammafunk_ghost_split,
          hangedman_player_shredder
Zot:2:    layout_gridlike, ebering_ghost_disaster_area
Zot:3:    minmay_elemental_castle, layout_gridlike
Zot:4:    layout_basic
Zot:5:    layout_basic, grunt_ministairs_5

Skill      XL: |  1  2  3  4  5  6  7  8  9 10 11 12 13 14 15 16 17 18 19 20 21 22 23 24 25 26 27 |
---------------+----------------------------------------------------------------------------------+-----
Shields        | 4 5 6 7 8 10 11 12 13 14 15 16 17 18 19 20 22 23 24 25 27 | 27.0
Armour         | 4 5 6 7 9 10 11 12 13 14 15 16 17 18 19 20 21 22 27 | 27.0
Throwing       | 1 2 3 4 5 6 7 8 9 10 11 12 25 | 25.5
Fighting       | 4 5 6 7 8 9 10 11 13 14 15 16 17 18 19 20 21 22 23 24 27 | 27.0
Short Blades   | 2 3 5 7 9 11 12 | 12.4
Long Blades    | 4 10 13 15 16 18 19 21 22 23 24 25 26 | 26.2
Evocations     | 1 2 3 17 | 17.8
Invocations    | 2 5 6 7 9 11 12 27 | 27.0
Dodging        | 3 7 9 11 24 | 24.6
Spellcasting   | 13 | 13.4

Action                   |  1- 3 |  4- 6 |  7- 9 | 10-12 | 13-15 | 16-18 | 19-21 | 22-24 | 25-27 || total
-------------------------+-------+-------+-------+-------+-------+-------+-------+-------+-------++-------
Melee: Long sword        |    34 |       |       |       |       |       |       |       |       ||    34
       Headbutt          |    13 |    28 |    97 |   220 |   390 |   363 |   480 |   623 |  1914 ||  4128
       Short sword       |    41 |   127 |   422 |   321 |       |       |       |       |       ||   911
       Rapier            |       |       |       |   248 |       |       |       |       |       ||   248
       Scimitar          |       |       |       |   378 |  1062 |    30 |       |       |       ||  1470
       Double sword      |       |       |       |       |   260 |  1136 |  1412 |  1714 |  5978 || 10500
Throw: Stone             |    23 |     8 |    18 |    19 |     1 |       |       |       |       ||    69
       Javelin           |       |       |     1 |       |    79 |    79 |   167 |   142 |   576 ||  1044
       Throwing net      |       |       |       |       |       |       |     2 |       |     1 ||     3
Invok: Heroism           |       |       |       |     4 |     1 |     4 |     5 |     1 |       ||    15
       Finesse           |       |       |       |       |       |     2 |     3 |     1 |       ||     6
       Brand Weapon With |       |       |       |       |       |       |       |     1 |       ||     1
       Cleansing Flame   |       |       |       |       |       |       |       |       |    89 ||    89
       Divine Shield     |       |       |       |       |       |       |       |       |    22 ||    22
       Summon Divine War |       |       |       |       |       |       |       |       |    50 ||    50
 Abil: Evoke Flight      |       |       |       |       |     1 |       |     1 |       |    13 ||    15
       Stop Flying       |       |       |       |       |       |       |       |       |     6 ||     6
Evoke: Wand              |       |       |     2 |     7 |    10 |     7 |     4 |     1 |    13 ||    44
       Lightning rod     |       |       |       |       |       |     1 |     4 |     4 |    10 ||    19
       Phial of floods   |       |       |       |       |       |       |     2 |     1 |     1 ||     4
       Phantom mirror    |       |       |       |       |       |       |     1 |       |       ||     1
       Lamp of fire      |       |       |       |       |       |       |       |     1 |     4 ||     5
       Box of beasts     |       |       |       |       |       |       |       |       |    21 ||    21
  Use: Scroll            |     4 |     6 |     7 |    17 |    13 |    16 |    20 |    18 |    69 ||   170
       Potion            |       |     3 |       |     5 |     2 |     3 |     2 |     5 |    51 ||    71
  Eat: Chunk             |     2 |     4 |    13 |    18 |    35 |    27 |    29 |    13 |    25 ||   166
       Ration            |       |       |       |     2 |     2 |     7 |     3 |    10 |    45 ||    69
Armor: Scale mail        |    28 |    37 |    31 |       |       |       |       |       |       ||    96
       Plate armour      |       |       |    93 |   178 |   234 |   397 |       |       |       ||   902
       Crystal plate arm |       |       |       |   144 |   303 |       |       |       |       ||   447
       Storm dragon scal |       |       |       |       |       |     4 |   515 |   293 |       ||   812
       Gold dragon scale |       |       |       |       |       |       |       |   486 |  1841 ||  2327
Dodge: Dodged            |    27 |    18 |    45 |   147 |   260 |   211 |   274 |   324 |  2112 ||  3418
       Deflected         |       |       |       |     3 |    29 |    50 |    36 |    26 |   101 ||   245
Block: Shield            |    30 |    53 |   140 |   160 |       |       |   932 |  1443 |  5741 ||  8499
       Buckler           |       |       |       |   191 |   715 |   608 |    46 |       |       ||  1560
       Reflection        |       |       |       |       |       |       |    80 |    57 |   137 ||   274
       Rpst.: Long sword |     2 |       |       |       |       |       |       |       |       ||     2
       Scimitar          |       |       |       |    20 |    54 |       |       |       |       ||    74
       Double sword      |       |       |       |       |     8 |    53 |    42 |    35 |   343 ||   481

Table legend:
 A = Non-vault XP
 B = Vault XP
 C = Vault XP percentage of total XP
 D = Non-vault monster count
 E = Vault monster count
 F = Vault count percentage of total count
                 A         B        C        D         E       F
            +---------+---------+-------+---------+---------+-------
      Total | 2258210 | 1867300 |  45.3 |    3610 |    1703 |  32.1
            +---------+---------+-------+---------+---------+-------
        D:1 |      32 |       0 |   0.0 |      19 |       0 |   0.0
        D:2 |      76 |       0 |   0.0 |      19 |       0 |   0.0
        D:3 |     142 |     304 |  68.2 |      22 |       3 |  12.0
        D:4 |     555 |     422 |  43.2 |      26 |      10 |  27.8
        D:5 |     705 |     663 |  48.5 |      19 |       7 |  26.9
        D:6 |     513 |       0 |   0.0 |      22 |       0 |   0.0
        D:7 |    1688 |     178 |   9.5 |      15 |       2 |  11.8
        D:8 |     999 |     732 |  42.3 |      17 |       5 |  22.7
        D:9 |    2220 |     448 |  16.8 |      27 |       1 |   3.6
       D:10 |    3689 |    2333 |  38.7 |      42 |       4 |   8.7
       D:11 |    3362 |    2087 |  38.3 |      33 |       9 |  21.4
       D:12 |    7287 |    1079 |  12.9 |      42 |       4 |   8.7
       D:13 |    8475 |    1808 |  17.6 |      31 |       2 |   6.1
       D:14 |   11807 |       0 |   0.0 |      50 |       0 |   0.0
       D:15 |   15158 |    7814 |  34.0 |      36 |      12 |  25.0
     Lair:1 |    5034 |       0 |   0.0 |      22 |       0 |   0.0
     Lair:2 |    3369 |    2755 |  45.0 |      14 |       3 |  17.6
     Lair:3 |    4232 |       0 |   0.0 |      16 |       0 |   0.0
     Lair:4 |    3668 |    3290 |  47.3 |      17 |      10 |  37.0
     Lair:5 |    8907 |     575 |   6.1 |      31 |       2 |   6.1
     Lair:6 |   12536 |    8461 |  40.3 |      33 |      52 |  61.2
    Swamp:1 |   10927 |    3948 |  26.5 |      23 |       1 |   4.2
    Swamp:2 |    5673 |    2448 |  30.1 |      12 |       1 |   7.7
    Swamp:3 |   12307 |   11139 |  47.5 |      23 |       3 |  11.5
    Swamp:4 |    6728 |   18779 |  73.6 |      23 |      32 |  58.2
    Snake:1 |   20123 |       0 |   0.0 |      40 |       0 |   0.0
    Snake:2 |   18299 |       0 |   0.0 |      35 |       0 |   0.0
    Snake:3 |   12971 |    2931 |  18.4 |      19 |       4 |  17.4
    Snake:4 |   24739 |   21130 |  46.1 |      45 |      41 |  47.7
    Slime:1 |    7307 |       0 |   0.0 |      20 |       0 |   0.0
    Slime:2 |    1313 |       0 |   0.0 |       5 |       0 |   0.0
    Slime:3 |   17684 |       0 |   0.0 |      42 |       0 |   0.0
    Slime:4 |   14309 |    1850 |  11.4 |      28 |       1 |   3.4
    Slime:5 |   16964 |   46049 |  73.1 |      23 |      10 |  30.3
      Orc:1 |     829 |    4914 |  85.6 |      14 |      16 |  53.3
      Orc:2 |    1726 |    7681 |  81.7 |      18 |      42 |  70.0
      Elf:1 |   32167 |    6790 |  17.4 |      54 |      12 |  18.2
      Elf:2 |   17616 |   23236 |  56.9 |      26 |      33 |  55.9
      Elf:3 |   17043 |   41479 |  70.9 |      23 |      25 |  52.1
   Vaults:1 |   33996 |   16234 |  32.3 |      54 |      26 |  32.5
   Vaults:2 |   33380 |   36809 |  52.4 |      66 |      25 |  27.5
   Vaults:3 |   36503 |   33493 |  47.8 |      48 |      42 |  46.7
   Vaults:4 |   37527 |   87390 |  70.0 |      62 |      79 |  56.0
   Vaults:5 |   39640 |  112801 |  74.0 |      78 |      74 |  48.7
    Crypt:1 |   27941 |    6067 |  17.8 |      45 |       9 |  16.7
    Crypt:2 |   22135 |   33209 |  60.0 |      38 |      48 |  55.8
    Crypt:3 |   47551 |   40178 |  45.8 |      60 |      62 |  50.8
     Tomb:1 |    7128 |   41944 |  85.5 |      15 |      31 |  67.4
     Tomb:2 |   17137 |   44380 |  72.1 |      38 |      33 |  46.5
     Tomb:3 |    9601 |  131888 |  93.2 |      26 |     140 |  84.3
   Depths:1 |   27871 |    9529 |  25.5 |      45 |      34 |  43.0
   Depths:2 |   36204 |   20939 |  36.6 |      48 |      17 |  26.2
   Depths:3 |   23804 |   30270 |  56.0 |      29 |      28 |  49.1
   Depths:4 |   30656 |   50990 |  62.5 |      30 |      26 |  46.4
   Depths:5 |   48448 |   36533 |  43.0 |      50 |      18 |  26.5
       Hell |   20798 |   19152 |  47.9 |      44 |      35 |  44.3
      Dis:1 |   27632 |       0 |   0.0 |      71 |       0 |   0.0
      Dis:2 |   17110 |       0 |   0.0 |      45 |       0 |   0.0
      Dis:3 |    5856 |       0 |   0.0 |      15 |       0 |   0.0
      Dis:4 |   15018 |       0 |   0.0 |      20 |       0 |   0.0
      Dis:5 |    2891 |    5694 |  66.3 |      10 |       6 |  37.5
      Dis:6 |   15891 |       0 |   0.0 |      27 |       0 |   0.0
      Dis:7 |   52615 |  103742 |  66.3 |      84 |      63 |  42.9
      Geh:1 |    5252 |       0 |   0.0 |      20 |       0 |   0.0
      Geh:2 |    2815 |       0 |   0.0 |      15 |       0 |   0.0
      Geh:3 |   11913 |       0 |   0.0 |      24 |       0 |   0.0
      Geh:4 |     189 |       0 |   0.0 |       1 |       0 |   0.0
      Geh:5 |   21722 |     335 |   1.5 |      33 |       2 |   5.7
      Geh:6 |   11746 |       0 |   0.0 |      26 |       0 |   0.0
      Geh:7 |   45112 |   56906 |  55.8 |      95 |      42 |  30.7
      Coc:1 |   10285 |       0 |   0.0 |      12 |       0 |   0.0
      Coc:3 |    7537 |       0 |   0.0 |      22 |       0 |   0.0
      Coc:4 |   24707 |       0 |   0.0 |      26 |       0 |   0.0
      Coc:5 |    2005 |       0 |   0.0 |       5 |       0 |   0.0
      Coc:6 |   34307 |       0 |   0.0 |      21 |       0 |   0.0
      Coc:7 |   59995 |   58880 |  49.5 |      75 |      52 |  40.9
      Tar:1 |   13033 |       0 |   0.0 |      19 |       0 |   0.0
      Tar:2 |    4984 |       0 |   0.0 |      10 |       0 |   0.0
      Tar:3 |   12026 |       0 |   0.0 |      16 |       0 |   0.0
      Tar:4 |    9848 |       0 |   0.0 |      12 |       0 |   0.0
      Tar:6 |   19890 |       0 |   0.0 |      32 |       0 |   0.0
      Tar:7 |   97603 |  104524 |  51.7 |     127 |      74 |  36.8
      Zot:1 |   84810 |   56238 |  39.9 |      46 |      26 |  36.1
      Zot:2 |   56260 |    5946 |   9.6 |      36 |       1 |   2.7
      Zot:3 |   85629 |   46364 |  35.1 |      54 |      19 |  26.0
      Zot:4 |   77354 |       0 |   0.0 |      37 |       0 |   0.0
      Zot:5 |   59026 |  166887 |  73.9 |      36 |      43 |  54.4
    Abyss:1 |  103406 |    1541 |   1.5 |     142 |       1 |   0.7
    Abyss:2 |   43950 |       0 |   0.0 |      72 |       0 |   0.0
    Abyss:3 |   55680 |   22244 |  28.5 |     105 |      26 |  19.8
    Abyss:4 |   10135 |       0 |   0.0 |      16 |       0 |   0.0
    Abyss:5 |   13460 |       0 |   0.0 |      28 |       0 |   0.0
        Pan |  275388 |  247484 |  47.3 |     317 |     174 |  35.4
      Zig:1 |     813 |       0 |   0.0 |       2 |       0 |   0.0
      Zig:2 |    2714 |       0 |   0.0 |       3 |       0 |   0.0
      Zig:3 |    4062 |       0 |   0.0 |       3 |       0 |   0.0
      Zig:4 |    3579 |       0 |   0.0 |       5 |       0 |   0.0
      Zig:5 |    4430 |       0 |   0.0 |      12 |       0 |   0.0
      Zig:6 |    5407 |       0 |   0.0 |      14 |       0 |   0.0
      Zig:7 |    6626 |       0 |   0.0 |      17 |       0 |   0.0
    Ossuary |       0 |     257 | 100.0 |       0 |      39 | 100.0
     Bailey |       0 |    3094 | 100.0 |       0 |      39 | 100.0
      IceCv |       0 |    3234 | 100.0 |       0 |      11 | 100.0
    Volcano |       0 |    6801 | 100.0 |       0 |      11 | 100.0
            +---------+---------+-------+---------+---------+-------
